 Dungeon Crawl Stone Soup version 0.32-a0-913-g739538afd8 (webtiles) character file.

Game seed: 2820833449558219218

10652825 Rudyous the Archmage (level 27, 300/300 HPs)
             Began as a Purple Draconian Alchemist on Apr 6, 2024.
             Was an Initiate of Gozag.
             Escaped with the Orb
             ... and 15 runes on Apr 8, 2024!
             The game lasted 08:58:36 (159149 turns).

Rudyous the Archmage (Purple Draconian Alchemist) Turns: 159149, Time: 08:58:37

Health: 300/300    AC: 16    Str: 19    XL:     27
Magic:  63/63      EV: 20    Int: 45    God:    Gozag
Gold:   4284       SH:  0    Dex: 11    Spells: 0/80 levels left

rFire   + + .        l - staff of Joyful Slaughter {Int+6 Dex-5 Conj Summ Air}
rCold   + + +        (no shield)
rNeg    + . .        (body armour unavailable)
rPois   +            T - -2 hat of the Alchemist {rElec rPois rF+ rC+ rN+ Will+ rMut rCorr}
rElec   +            x - scarf "Xerulut" {rC+ rF+, rElec Str+6 Stlth-}
rCorr   +            n - +0 pair of gloves of Resonance {Will+ rCorr Dex+4}
SInv    .            U - +3 pair of seven-league boots {Rampage+∞}
Will    +++++        N - amulet of Vitality {Regen++ RegenMP++}
Stlth   +++          L - ring "Habos" {^Drain rElec rC+ Str+3 Int+6}
HPRegen 2.30/turn    F - ring "Ywibb" {Will+ MP+9 Str-3 Int+6 Stlth+}
MPRegen 1.18/turn

%: resist mutation, rampage+∞
@: gold aura, studying 9 skills
A: nullifying breath, AC +13, unfitting armour, cold-blooded, stinger 1, sense
surroundings 1, robust 1
0: Orb of Zot
}: 15/15 runes: barnacled, slimy, silver, golden, iron, obsidian, icy, bone,
abyssal, demonic, glowing, magical, fiery, dark, gossamer
a: Nullifying Breath, Renounce Religion, Potion Petition, Call Merchant, Bribe
Branch


You escaped.
You worshipped Gozag.
Gozag was most pleased with you.
You visited 18 branches of the dungeon, and saw 88 of its levels.
You visited Pandemonium 4 times, and saw 29 of its levels.
You visited the Abyss 1 time.
You visited 1 bazaar.
You visited 2 ziggurats (completing 1), and saw 43 of their levels.
You also visited: Trove, Gauntlet and Wizlab.

You collected 54432 gold pieces.
You spent 9488 gold pieces at shops.
You paid 40660 gold pieces to Gozag.

Inventory:

Hand Weapons
 M - the +9 falchion of the Pits of Slime {freeze, rC- Int+9 Dex-2}
   (You bought it in a shop on level 1 of the Depths)

   Int+9:     It affects your intelligence (+9).
   Dex-2:     It affects your dexterity (-2).
   rC-:       It makes you vulnerable to cold.
Missiles
 H - 10 throwing nets
 Q - 28 silver javelins
Armour
 n - the +0 pair of gloves of Resonance (worn) {Will+ rCorr Dex+4}
   (You found it on level 5 of the Pits of Slime)

   Dex+4:     It affects your dexterity (+4).
   Will+:     It increases your willpower.
   rCorr:     It protects you from acid and corrosion.
 r - the orb "Cunaidie" {*channel, rC+}
   (You took it off Frederick on level 4 of the Vaults)

   rC+:       It protects you from cold.
 x - the scarf "Xerulut" (worn) {rC+ rF+, rElec Str+6 Stlth-}
   (You acquired it in a wizard's laboratory)

   Str+6:     It affects your strength (+6).
   rElec:     It insulates you from electricity.
   Stlth-:    It makes you less stealthy.
 C - the +2 pair of slick slippers {slick, slippery, EV+4}
   (You acquired it on level 1 of the Spider Nest)

   Slick:     Its wearer cannot be constricted, engulfed, netted, webbed, or
   stopped by binding sigils.
   Slippery:  Its wearer slips away from damaging melee attacks, pulling the
   attacker onward.
   EV+4:      It affects your evasion (+4).
 E - the +0 pair of gloves of the gadgeteer {Gadgeteer Wandboost ^Fragile}
   (You found it on level 3 of the Elven Halls)

   Gadgeteer: Your evocable items recharge 30% faster and wands have a 30%
   chance to not spend a charge.
   Wandboost: Your wands are more powerful.
   ^Fragile:  It will be destroyed if unequipped.
 O - the orb of the Lobster {mayhem, *Corrode Str+4 Necro}
   (You took it off a balrug in Pandemonium)

   Str+4:     It affects your strength (+4).
   *Corrode:  It may corrode you when you take damage.
   Necro:     It increases the power of your Necromancy spells.
 T - the -2 hat of the Alchemist (worn) {rElec rPois rF+ rC+ rN+ Will+ rMut rCorr}
   (You found it on level 13 of a ziggurat)

   rF+:       It protects you from fire.
   rC+:       It protects you from cold.
   rElec:     It insulates you from electricity.
   rPois:     It protects you from poison.
   rN+:       It protects you from negative energy.
   Will+:     It increases your willpower.
   rCorr:     It protects you from acid and corrosion.
   rMut:      It protects you from mutation.
 U - the +3 pair of seven-league boots (worn) {Rampage+∞}
   (You found it in a treasure trove)

   Rampage+∞: When moving toward enemies, its wearer moves as far as possible,
   alerting their target en route.
Magical Staves
 l - the staff of Joyful Slaughter (weapon) {Int+6 Dex-5 Conj Summ Air}
   (You bought it in a shop in a bazaar)

   [staff of conjuration]

   Base accuracy: +5 Base damage: 5 Base attack delay: 1.2 This weapon's minimum
   attack delay (0.6) is reached at skill level 12.
   Int+6:     It affects your intelligence (+6).
   Dex-5:     It affects your dexterity (-5).
   Conj:      It increases the power of your Conjurations spells.
   Summ:      It increases the power of your Summonings spells.
   Air:       It increases the power of your Air spells.
   It falls into the 'Staves' category.
   It is a one-handed weapon.
Jewellery
 b - the amulet of Faih {rC- Regen+ Str+2 Int+4 Dex+3}
   (You found it on level 21 of a ziggurat)

   [amulet of regeneration]

   Str+2:     It affects your strength (+2).
   Int+4:     It affects your intelligence (+4).
   Dex+3:     It affects your dexterity (+3).
   rC-:       It makes you vulnerable to cold.
   Regen+:    It increases your rate of health regeneration.
 u - the macabre finger necklace {Finger+ rN+}
   (You found it on level 20 of a ziggurat)

   [amulet of nothing]

   Finger+:   It enables you to equip an extra ring.
   rN+:       It protects you from negative energy.
 w - the ring of the Mage {Wiz Archmagi}
   (You found it on level 15 of a ziggurat)

   [ring of wizardry]

   Wiz:       It improves your spell success rate.
   Archmagi:  It increases the power of your magical spells.
 F - the ring "Ywibb" (right hand) {Will+ MP+9 Str-3 Int+6 Stlth+}
   (You took it off a balrug in Pandemonium)

   [ring of intelligence]

   Str-3:     It affects your strength (-3).
   Int+6:     It affects your intelligence (+6).
   Will+:     It increases your willpower.
   MP+9:      It affects your magic capacity (+9).
   Stlth+:    It makes you more stealthy.
 L - the ring "Habos" (left hand) {^Drain rElec rC+ Str+3 Int+6}
   (You found it on level 1 of the Shoals)

   [ring of protection from cold]

   Str+3:     It affects your strength (+3).
   Int+6:     It affects your intelligence (+6).
   rC+:       It protects you from cold.
   rElec:     It insulates you from electricity.
   ^Drain:    It drains your maximum health when unequipped.
 N - the amulet of Vitality (around neck) {Regen++ RegenMP++}
   (You found it on level 5 of the Pits of Slime)

   [amulet of nothing]

   Regen++:   It increases your rate of health regeneration.
   RegenMP++: It increases your rate of magic regeneration.
 X - the amulet of the Philosopher {Regen+ Str+4 Int+3 Dex-2}
   (You found it on level 6 of a ziggurat)

   [amulet of regeneration]

   Str+4:     It affects your strength (+4).
   Int+3:     It affects your intelligence (+3).
   Dex-2:     It affects your dexterity (-2).
   Regen+:    It increases your rate of health regeneration.
 Z - the ring "Ceypaxza" {rElec rPois rCorr Int+6 Slay-4}
   (You took it off a demonspawn blood saint in Pandemonium)

   [ring of intelligence]

   Int+6:     It affects your intelligence (+6).
   Slay-4:    It affects your accuracy & damage with ranged weapons and melee
   (-4).
   rElec:     It insulates you from electricity.
   rPois:     It protects you from poison.
   rCorr:     It protects you from acid and corrosion.
Talismans
 W - a talisman of death
Wands
 y - a wand of roots (138)
 I - a wand of light (34)
 K - a wand of digging (39)
Scrolls
 g - 20 scrolls of noise
 k - 34 scrolls of fog
 m - 26 scrolls of amnesia (quivered)
 o - 46 scrolls of teleportation
 p - 21 scrolls of immolation
 s - 27 scrolls of fear
 A - 4 scrolls of summoning
 D - 10 scrolls of revelation
Potions
 a - 7 potions of magic
 c - 20 potions of resistance
 d - 14 potions of brilliance
 f - 26 potions of heal wounds
 h - 40 potions of curing
 i - 15 potions of attraction
 q - 18 potions of ambrosia
 t - 9 potions of mutation
 v - 21 potions of lignification
 B - 9 potions of haste
 G - 20 potions of might
 J - 17 potions of enlightenment
 R - 7 potions of invisibility
 Y - 2 potions of cancellation
Miscellaneous
 e - a phantom mirror
 j - a lightning rod (4/4)
 z - a box of beasts
 P - a tin of tremorstones (2/2)
 S - a phial of floods


   Skills:
 O Level 27 Fighting
 - Level 12.0 Staves
 - Level 25.0 Throwing
 + Level 23.9 Dodging
 O Level 27 Stealth
 O Level 27 Spellcasting
 - Level 23.0 Conjurations
 - Level 23.0 Translocations
 - Level 25.2 Fire Magic
 - Level 23.0 Ice Magic
 - Level 23.0 Air Magic
 - Level 24.0 Earth Magic
 - Level 7.0 Alchemy
 O Level 27 Evocations
 - Level 23.0 Shapeshifting


You couldn't memorise any spells.
You knew the following spells:

 Your Spells              Type           Power      Damage    Failure   Level
a - Shatter               Erth           67%        3d50*     1%          9
b - Polar Vortex          Ice            66%        12d8*     1%          9
c - Fire Storm            Conj/Fire      80%        8d20      1%          9
d - Irradiate             Conj/Alch      69%        3d34      0%          5
e - Maxwell's Capacitive  Air            79%        ∞         1%          8
f - Ignition              Fire           68%        3d18      1%          8
g - Chain Lightning       Conj/Air       92%        3d123     1%          9
h - Passage of Golubria   Tloc           100%       N/A       0%          4
i - Disjunction           Tloc           66%        N/A       1%          8
j - Lehudib's Crystal Sp  Conj/Erth      79%        10d18     1%          8
k - Apportation           Tloc           100%       N/A       0%          1
l - Blink                 Tloc           100%       N/A       0%          2

Your spell library contained the following spells:

 Spells                   Type           Power      Damage    Failure   Level
 Foxfire                  Conj/Fire      100%       2x1d9     0%          1
 Freeze                   Ice            100%       1d10      0%          1
 Kiss of Death            Conj/Necr      100%       2d13      0%          1
 Magic Dart               Conj           100%       1d8       0%          1
 Sandblast                Erth           100%       2d20      0%          1
 Shock                    Conj/Air       100%       1d9       0%          1
 Sting                    Conj/Alch      100%       1d9       0%          1
 Cigotuvi's Dreadful Rot  Necr/Alch/Air  100%       N/A       0%          2
 Ensorcelled Hibernation  Hex/Ice        100%       N/A       0%          2
 Lesser Beckoning         Tloc           100%       N/A       0%          2
 Mercury Vapours          Alch/Air       100%       N/A       0%          2
 Momentum Strike          Conj/Tloc      100%       3d10      0%          2
 Scorch                   Fire           100%       2d9       0%          2
 Searing Ray              Conj           100%       2d8       0%          2
 Static Discharge         Conj/Air       100%       3-8/arc   0%          2
 Dazzling Flash           Conj/Hex       100%       N/A       0%          3
 Frozen Ramparts          Ice            100%       1d16      0%          3
 Hailstorm                Conj/Ice       100%       3d16      0%          3
 Inner Flame              Hex/Fire       100%       N/A       0%          3
 Maxwell's Portable Pile  Tloc           100%       2d(15-43) 0%          3
 Mephitic Cloud           Conj/Alch/Air  100%       N/A       0%          3
 Ozocubu's Armour         Ice            100%       N/A       0%          3
 Passwall                 Erth           100%       N/A       0%          3
 Stone Arrow              Conj/Erth      100%       3d13      0%          3
 Summon Ice Beast         Ice/Summ       100%       N/A       0%          3
 Swiftness                Air            100%       N/A       0%          3
 Teleport Other           Tloc           100%       N/A       0%          3
 Volatile Blastmotes      Fire/Tloc      100%       2d18      0%          3
 Airstrike                Air            79%        2d(12-28) 0%          4
 Brom's Barrelling Bould  Conj/Erth      100%       2d11      0%          4
 Flame Wave               Conj/Fire      100%       2d21      0%          4
 Fulminant Prism          Conj/Alch      69%        3d27      0%          4
 Ignite Poison            Fire/Alch      100%       N/A       0%          4
 Iskenderun's Mystic Bla  Conj/Tloc      100%       2d19      (+2d10%     4
 Leda's Liquefaction      Alch/Erth      58%        N/A       0%          4
 Petrify                  Alch/Erth      100%       N/A       0%          4
 Sticky Flame             Fire/Alch      100%       2d15      0%          4
 Summon Blazeheart Golem  Fire/Summ      100%       N/A       0%          4
 Vhi's Electric Charge    Tloc/Air       100%       N/A       0%          4
 Arcjolt                  Conj/Air       92%        1d102     0%          5
 Fireball                 Conj/Fire      80%        3d30      0%          5
 Freezing Cloud           Conj/Ice/Air   92%        6-21      0%          5
 Lee's Rapid Deconstruct  Erth           67%        3d31*     0%          5
 Bombard                  Conj/Erth      79%        9d13      0%          6
 Conjure Ball Lightning   Conj/Air       92%        3x3d35    0%          6
 Dispersal                Tloc           66%        N/A       0%          6
 Gell's Gavotte           Tloc           66%        2d(41-61) 0%          6
 Permafrost Eruption      Ice/Erth       67%        2x4d15    0%          6
 Plasma Beam              Fire/Air       80%        2x1d98    0%          6
 Starburst                Conj/Fire      80%        6d20      0%          6
 Manifold Assault         Tloc           66%        N/A       0%          7
 Orb of Destruction       Conj           79%        9d18      0%          7
 Ozocubu's Refrigeration  Ice            66%        4d22      0%          7
 Necrotise                Necr           100%       1d9       1%          1
 Slow                     Hex            100%       N/A       1%          1
 Summon Small Mammal      Summ           100%       N/A       1%          1
 Call Imp                 Summ           100%       N/A       1%          2
 Jinxbite                 Hex            100%       N/A       1%          2
 Sublimation of Blood     Necr           57%        N/A       1%          2
 Call Canine Familiar     Summ           74%        N/A       1%          3
 Confusing Touch          Hex            57%        N/A       1%          3
 Fugue of the Fallen      Necr           57%        N/A       1%          3
 Sigil of Binding         Hex            57%        N/A       1%          3
 Tukima's Dance           Hex            57%        N/A       1%          3
 Vampiric Draining        Necr           57%        2d10      1%          3
 Dimensional Bullseye     Hex/Tloc       52%        N/A       1%          4
 Olgreb's Toxic Radiance  Alch           89%        N/A       1%          4
 Summon Lightning Spire   Summ/Air       100%       N/A       1%          4
 Alistair's Intoxication  Alch           59%        N/A       1%          5
 Borgnjor's Vile Clutch   Necr/Erth      53%        N/A       1%          5
 Metabolic Englaciation   Hex/Ice        52%        N/A       1%          5
 Silence                  Hex/Air        64%        N/A       1%          5
 Summon Forest            Summ/Tloc      64%        N/A       1%          5
 Yara's Violent Unravell  Hex/Alch       37%        3d15      1%          5
 Eringya's Noxious Bog    Alch           44%        4d6       1%          6
 Sculpt Simulacrum        Ice/Alch       57%        N/A       1%          6
 Malign Gateway           Summ/Tloc      64%        N/A       1%          7
 Spellforged Servitor     Conj/Summ      76%        N/A       1%          7
 Anguish                  Hex/Necr       28%        N/A       2%          4
 Cause Fear               Hex            28%        N/A       2%          4
 Dispel Undead            Necr           57%        3d20      2%          4
 Martyr's Knell           Necr/Summ      74%        N/A       2%          4
 Curse of Agony           Necr           57%        N/A       6%          5
 Summon Mana Viper        Hex/Summ       74%        N/A       6%          5
 Death Channel            Necr           28%        N/A       32%         6
 Summon Cactus Giant      Summ           37%        N/A       32%         6
 Enfeeble                 Hex            28%        N/A       88%         7
 Haunt                    Necr/Summ      37%        N/A       88%         7
 Monstrous Menagerie      Summ           37%        N/A       88%         7
 Summon Hydra             Summ           37%        N/A       88%         7
 Borgnjor's Revivificati  Necr           28%        N/A       100%        8
 Discord                  Hex            28%        N/A       100%        8
 Infestation              Necr           28%        N/A       100%        8
 Summon Horrible Things   Summ           37%        N/A       100%        8
 Death's Door             Necr           28%        N/A       100%        9
 Dragon's Call            Summ           37%        N/A       100%        9
 Animate Armour           Summ/Erth      Unusable   N/A       N/A         4
 Animate Dead             Necr           Unusable   N/A       N/A         4

Dungeon Overview and Level Annotations

Branches:
Dungeon (15/15)            Temple (1/1) D:4            Lair (5/5) D:9
 Shoals (4/4) Lair:2       Spider (4/4) Lair:3        Slime (5/5) Lair:4
    Orc (2/2) D:10            Elf (3/3) Orc:2        Vaults (5/5) D:14
  Crypt (3/3) Vaults:3       Tomb (3/3) Crypt:3      Depths (4/4) D:15
   Hell (visited)             Dis (7/7) Hell            Geh (7/7) Hell
    Coc (7/7) Hell            Tar (7/7) Hell            Zot (5/5) Depths:4
 WizLab (visited)         Gauntlet (visited)

Altars:
Ashenzari
Cheibriados
Dithmenos
Elyvilon
Fedhas
Gozag
Hepliaklqana
Kikubaaqudgha
Makhleb
Nemelex Xobeh
Okawaru
Qazlal
Ru
Sif Muna
Trog
Uskayaw
Vehumet
Wu Jian
Xom
Yredelemnul
Zin
The Shining One
Beogh
Jiyva

Shops:
D:3 *?   Orc:2 :=?*   Elf:2 *   Elf:3 (   Shoals:2 !   Shoals:4 [:
Vaults:4 ?(   Vaults:5 =*   Hell (   Depths:1 [[([(*?!?(**(

Portals:
Hell: Depths:1 Depths:2 Depths:3 Depths:4
Abyss: Depths:3
Pandemonium: Depths:1 Depths:2
Ziggurat: Hell

Annotations:
D:3 1 runed translucent door, Crazy Yiuf
D:8 2 exclusions
D:9 Joseph
Lair:2 exclusion: downstairs
Shoals:4 exclusion: upstairs
Elf:2 5 runed translucent doors
Depths:4 3 runed translucent doors
Hell one
Zot:1 2 transporters, Kinwaexu's ghost, veteran OnBe


Innate Abilities, Weirdness & Mutations

You can breathe blasts of antimagic.
Your rich purple scales are hard. (AC +13)
You cannot fit into any form of body armour.
You are cold-blooded and may be slowed by cold attacks.
Your tail ends in a venomous barb.
You passively map a small area around you.
You are robust. (+10% HP)


Message History

You climb upwards.
Level annotation: 1 runed translucent door, Crazy Yiuf
There is a stone staircase leading down here.
There is a stone staircase leading up here.
You climb upwards.
There is a stone staircase leading down here.
A ball python comes into view.
The ball python hisses angrily.
The ball python attacks as it pursues you!
The ball python barely misses you. x2
The ball python completely misses you. The ball python grabs you.
The ball python constricts you.
The ball python's grasp on you weakens, but your attempt to escape fails.
The ball python completely misses you. The ball python constricts you.
You hit the ball python but do no damage.
You blast the ball python!!
You kill the ball python!
There is a stone staircase leading up here.
You climb upwards.
There is a stone staircase leading down, spattered with blood here.
Casting: Chain Lightning (mildly dangerous; 1% risk of failure)
Confirm with . or Enter, or press ? or * to list all spells.
You feel a strong surge of power!
Nothing appears to happen.
You now have 55/63 mp.
What level of the Dungeon? (default 1, ? - help)
There is an open door here.
Magic restored.
A toenail golem comes into view.
MP restored: 63
Casting: Chain Lightning (mildly dangerous; 1% risk of failure)
Confirm with . or Enter, or press ? or * to list all spells.
The dungeon rumbles!
You destroy the toenail golem!
Ka-crash!
You now have 55/63 mp.
Unknown command.
Unknown command.
There is a staircase leading out of the dungeon here.
MP restored: 63 You have escaped!

#.# #....###.#..###.#
..# ##...## *##..##.#
### ##.....### ##..#.#
#........## ###.#.#
#....###...###.....#
##....## ##.#.#...####
#....#####........#
#.#....##.........#
#.##......@..###..#
#.###.#.....## ##.# #[#
####..### ##.# #.#
#.#######.## ###
###.######.....##...#
..#
#.......#.....#....##
#.###.#####.#)......####
#.....# #.#..######
####### #.#....#


There were no monsters in sight!

Vanquished Creatures
  Cerebov (Pan)
  Antaeus (Coc:7)
  Asmodeus (Geh:7)
  the Royal Jelly (Slime:5)
  Lom Lobon (Pan)
  Ereshkigal (Tar:7)
  Ignacio (Pan)
  Mnoleg (Pan)
  30 pandemonium lords
  the Serpent of Hell (Coc:7)
  Gloorx Vloq (Pan)
  Dispater (Dis:7)
  17 ancient liches
  Frederick (Vaults:4)
  15 dread liches
  Tiamat (Zot:3)
  3 orbs of fire (Zot:5)
  Mara (Shoals:3)
  Mennas (Pan)
  10 juggernauts
  66 royal mummies
  12 Killer Klowns
  21 shard shrikes
  Vv (Crypt:3)
  Boris (twice) (Crypt:3 Tomb:3)
  Bai Suzhen (Vaults:2)
  19 caustic shrikes
  3 curse toes
  7 golden dragons
  11 profane servitors
  The ghost of Naxzaufe the Master Archer, a veteran DEHs of Fedhas (Depths:4)
  Nikola (Elf:3)
  Geryon (Hell)
  19 bone dragons
  4 electric golems
  4 spectral shard shrikes
  9 doom hounds
  31 Brimstone Fiends
  29 Tzitzimimeh
  Arachne (Spider:3)
  24 tentacled monstrosities
  18 iron giants
  Jorgrun (Orc:2)
  26 hellephants
  35 Hell Sentinels
  57 Ice Fiends
  Mlioglotl (Spider:4)
  21 tainted leviathans
  A shard shrike skeleton (Crypt:3)
  A sphinx (shapeshifter) (Zig:21)
  11 liches
  24 Orb Guardians
  6 deep elf master archers
  3 walking frostbound tomes (Pan)
  36 titans
  5 deep elf blademasters
  13 quicksilver dragons
  14 sphinxes
  Asterion (Vaults:1)
  38 acid blobs
  Murray (Hell)
  A kraken (Shoals:4)
  12 death cobs
  60 Executioners
  45 ancient champions
  15 tentacled starspawn
  29 searing wretches
  16 rockslimes
  4 tengu reavers
  8 shadow dragons
  Donald (Spider:4)
  13 draconian knights
  24 nagarajas
  3 revenants
  12 draconian monks
  9 fenstrider witches
  19 storm dragons
  34 fire giants
  18 azure jellies
  18 protean progenitors
  26 demonspawn warmongers
  18 quicksilver elementals
  A fire giant (shapeshifter) (Zig:21)
  6 emperor scorpions
  10 draconian shifters
  A daeva (Zig:12)
  85 balrugs
  24 ghost moths
  6 draconian scorchers
  18 vault wardens
  10 deep elf sorcerers
  Ilsuiw (Shoals:2)
  8 iron dragons
  21 narguns
  22 frost giants
  3 spectral juggernauts
  An angel (Zig:9)
  3 deep elf elementalists (Elf:3)
  7 juggernaut zombies
  7 draconian stormcallers
  2 spectral caustic shrikes
  4 curse skulls
  68 reapers
  10 shard shrike simulacra
  4 broodmothers
  A caustic shrike zombie (Zig:27)
  19 ironbound preservers
  An orc warlord (Elf:2)
  16 very ugly things
  26 demonspawn corrupters
  The ghost of Ziod Jao the Stormcaller, a journeyman MeWn of Gozag (Shoals:3)
  41 cacodemons
  16 draconian annihilators
  11 formless jellyfish
  13 vampire knights
  24 demonspawn blood saints
  2 ghouls
  23 quicksilver oozes
  2 stone giants (shapeshifter) (Zig:21)
  5 ironbound thunderhulks
  9 caustic shrike skeletons
  11 juggernaut skeletons
  11 green draconians
  38 putrid mouths
  13 deep elf demonologists
  4 eleionomae
  A dire elephant (shapeshifter) (Zig:21)
  15 black draconians
  11 deep elf death magi
  13 elemental wellsprings
  23 stone giants
  14 bennus
  24 lorocyprocas
  35 demonspawn black suns (Pan)
  2 spectral titans
  23 red draconians
  7 spark wasps
  18 deep elf annihilators
  39 dire elephants
  17 purple draconians
  6 bunyips
  13 yellow draconians
  Azrael (D:14)
  33 war gargoyles
  23 wendigos
  2 pale draconians (Depths:4)
  A minotaur (Gauntlet)
  15 white draconians
  23 iron golems
  14 merfolk impalers
  27 starcursed masses
  4 merfolk javelineers
  Snorg (Orc:2)
  Josephine (Lair:3)
  6 eidola
  14 entropy weavers
  30 green deaths
  6 crystal guardians
  64 blizzard demons
  A spectral elf (Tar:2)
  45 mummy priests
  6 spectral spriggans
  18 deep elf high priests
  19 yaktaur captains
  2 spriggan zombies
  A spectral fenstrider witch (Crypt:1)
  2 spectral golden dragons
  A shambling mangrove (Zig:19)
  5 fire dragons
  2 quicksilver dragon zombies
  33 ettins
  A quicksilver dragon skeleton (Zig:24)
  A fenstrider witch zombie (Crypt:1)
  10 rakshasas
  8 caustic shrike simulacra
  17 salamander tyrants
  16 great orbs of eyes
  8 juggernaut simulacra
  6 ice dragons
  18 hell beasts
  26 vault guards
  A peacekeeper (Vaults:4)
  7 jorogumos
  2 spriggan skeletons
  2 alligator snapping turtles
  2 catoblepae
  5 hydras
  3 sphinx zombies
  4 ogre magi
  Erolcha (D:10)
  An alligator (shapeshifter) (Vaults:5)
  6 ghost crabs
  4 spriggan air magi
  8 radroaches
  An alligator snapping turtle (shapeshifter) (Zig:21)
  12 ironbound frosthearts
  8 alligators
  A two-headed ogre (shapeshifter) (Vaults:5)
  6 boulder beetles
  9 stokers
  3 anacondas
  2 death knights (Crypt:2)
  A death yak (Zig:5)
  72 dancing weapons
  4 deep troll shamans
  7 centaur warriors
  11 deep troll earth magi
  19 hell hogs
  2 spectral stone giants
  A satyr (Shoals:4)
  15 two-headed ogres
  4 sphinx skeletons
  5 tengu warriors
  A titan zombie (Crypt:1)
  8 merfolk aquamancers
  2 merfolk avatars
  8 spectral dire elephants
  A spectral emperor scorpion (Spider:4)
  Urug (D:14)
  64 demonic crawlers
  4 spectral nagas
  131 death scarabs
  9 thrashing horrors
  A spectral storm dragon (Crypt:1)
  2 vampire magi
  A naga warrior (Zig:25)
  5 shock serpents (Zig:25)
  7 naga sharpshooters
  A shock serpent (shapeshifter) (Vaults:5)
  6 occultists
  Nergalle (D:12)
  6 hellephant skeletons (Pan)
  6 skysharks
  12 crystal echidnas
  5 spriggan berserkers
  194 sun demons
  2 titan skeletons (Zig:24)
  30 deep elf knights
  24 hell knights
  19 skeletal warriors
  118 soul eaters
  The ghost of EvilWizard678 the Blocker, a novice MDFi of Zin (D:7)
  A goliath frog (Pan)
  8 iron trolls
  15 wretched stars
  28 shadow wraiths
  A storm dragon skeleton (Hell)
  2 deep trolls (shapeshifter)
  A salamander mystic (Zig:25)
  A bunyip zombie (Crypt:3)
  Lodul (D:11)
  64 sixfirhies
  21 pharaoh ants
  Amaemon (D:11)
  An anaconda zombie (Hell)
  30 deep elf archers
  3 spatial maelstroms
  A spark wasp zombie (Depths:2)
  A spriggan druid (Zig:17)
  3 spectral anacondas
  5 flayed ghosts
  4 glowing orange brains
  34 deep trolls
  61 shadow demons
  17 sea snakes
  A cherub (Pan)
  6 swamp dragons
  17 arcanists
  13 sun moths
  18 orb spiders
  A spectral hydra (Tar:1)
  8 bog bodies
  21 phantasmal warriors
  19 ironbound convokers
  2 orange crystal statues
  A golden dragon skeleton (Zig:27)
  15 steelbarb worms
  A shadow dragon zombie (Crypt:1)
  2 spectral wolf spiders (Spider:4)
  4 quicksilver dragon simulacra
  An iron dragon zombie (Zig:27)
  11 thermic dynamos
  A tengu zombie (Zig:16)
  An anaconda skeleton (Tomb:3)
  6 obsidian statues
  18 necromancers
  A sphinx simulacrum (Zig:2)
  7 spriggan simulacra
  37 deep elf pyromancers
  11 lindwurms
  3 obsidian bats
  8 wolf spider zombies
  35 deep elf zephyrmancers
  13 shining eyes
  An eye of devastation (shapeshifter) (Elf:3)
  A broodmother zombie (Spider:4)
  12 harpies
  13 orc knights
  A draconian zombie (Tomb:3)
  32 wolf spiders
  4 salamanders
  2 spectral ettins
  5 fauns
  A manticore (shapeshifter) (Depths:3)
  36 ugly things
  140 large abominations
  38 moths of wrath
  2 orc sorcerers
  20 cyclopes
  5 worldbinders
  2 alligator skeletons (Crypt:1)
  3 iron dragon skeletons
  4 Executioner simulacra (Pan)
  6 will-o-the-wisps (Zig:17)
  14 elephants
  A stone giant skeleton (Hell)
  A toenail golem (D:1)
  A glowing shapeshifter (Vaults:5)
  2 meliai (shapeshifter) (Elf:1)
  A dire elephant zombie (Tomb:2)
  7 merfolk sirens
  4 meliai
  A spectral centaur (Crypt:1)
  12 manticores
  A spectral alligator snapping turtle (Tar:3)
  12 rust devils
  3 apocalypse crabs
  A fire giant skeleton (Depths:2)
  11 water nymphs
  12 ice statues
  6 guardian serpents
  45 orange demons
  131 smoke demons
  7 naga magi
  10 eyes of devastation
  23 vault sentinels
  A swamp worm zombie (Crypt:1)
  20 black mambas
  36 hellions
  A storm dragon simulacrum (Coc:1)
  6 naga skeletons
  19 cane toads
  6 titan simulacra
  9 torpor snails
  3 gargoyles
  2 kobold demonologists (D:10)
  4 centaur skeletons
  A spectral redback (Spider:4)
  Maggie (D:10)
  29 yaktaurs
  2 dire elephant skeletons
  An elephant slug zombie (Crypt:1)
  13 ancient zymes
  8 efreet
  9 unseen horrors
  11 rime drakes
  7 komodo dragons
  13 redback zombies (Spider:2)
  3 bunyip simulacra
  7 anaconda simulacra
  A minotaur skeleton (Crypt:2)
  12 ice devils (Pan)
  57 tormentors
  3 tengu conjurers
  6 freezing wraiths
  A sea snake zombie (Crypt:2)
  6 spectral harpies
  A golden dragon simulacrum (Hell)
  11 red devils
  2 silent spectres
  98 guardian mummies
  3 iron giant simulacra
  A purple draconian skeleton (Crypt:2)
  3 tyrant leeches
  15 trolls
  36 merfolk
  A bloated husk (Zig:17)
  A harpy zombie (Tomb:2)
  37 hellwings
  16 polar bears
  A merfolk (shapeshifter) (Zig:21)
  A spectral demonspawn (Crypt:1)
  A hornet (shapeshifter) (D:13)
  25 tarantellas
  A tarantella (shapeshifter) (D:15)
  14 hornets
  3 spectral jumping spiders (Spider:4)
  3 spectral tarantellas (Spider:4)
  6 culicivora zombies (Spider:2)
  A wolf spider simulacrum (D:13)
  45 jumping spiders
  7 wind drakes
  10 blink frogs
  5 glass eyes
  13 raiju
  9 tarantella zombies
  5 dream sheep
  A fire dragon zombie (Crypt:3)
  A glass eye (shapeshifter) (Zig:21)
  13 snapping turtles
  2 jumping spider zombies (Spider:4)
  A stone giant simulacrum (Coc:2)
  A meliai zombie (D:13)
  A guardian serpent skeleton (Crypt:2)
  3 centaur simulacra
  196 slime creatures
  3 shadows (D:11)
  A fire giant simulacrum (Zig:8)
  Sigmund (D:6)
  29 culicivoras
  4 small abominations
  9 dire elephant simulacra
  7 spriggans
  A spriggan (shapeshifter) (Depths:1)
  4 air elementals
  2 ettin skeletons
  14 wyverns
  2 vampires
  95 ynoxinuls
  7 fire elementals
  2 fire bats
  20 water elementals
  12 wraiths
  A tyrant leech zombie (Crypt:1)
  3 alligator snapping turtle simulacra
  36 yaks
  32 ushabtiu
  18 golden eyes
  19 humans
  10 wargs
  41 neqoxecs
  5 steam dragons
  72 redbacks
  2 basilisks (D:14)
  6 vampire mosquitoes
  Menkaure (D:7)
  15 harpy simulacra
  A naga zombie (Tomb:1)
  83 chaos spawn
  A naga (shapeshifter) (Zig:10)
  3 swamp worms (shapeshifter)
  Edmund (D:6)
  An acid dragon (D:12)
  A glowing shapeshifter zombie (Zig:15)
  5 nagas (Zig:25)
  24 water moccasins
  4 hydra simulacra
  15 hell hounds
  3 glowing shapeshifter skeletons
  A fire bat skeleton (Crypt:2)
  2 swamp drakes (Pan)
  2 ice beasts (D:6)
  A sky beast (D:6)
  14 black bears
  5 ettin simulacra
  21 orc warriors
  5 boggarts (D:15)
  63 laughing skulls
  A black mamba simulacrum (Crypt:1)
  7 centaurs
  37 ogres
  36 wolves
  A blink frog skeleton (Crypt:2)
  A vine stalker zombie (Crypt:2)
  4 kobold brigands
  A weeping skull (Abyss:3)
  A gnoll sergeant (D:7)
  11 bullfrogs
  A wyvern zombie (D:7)
  8 earth elementals
  5 scorpions
  4 naga simulacra
  A wyvern skeleton (Crypt:1)
  21 wights
  16 jellies
  8 killer bees
  A raiju skeleton (Crypt:2)
  3 howler monkeys
  5 electric eels
  A quasit (Abyss:3)
  A centaur zombie (D:7)
  8 hounds
  3 bombardier beetles
  A gnoll bouda (D:6)
  12 orc priests
  Jessica (D:3)
  6 iguanas
  21 orc wizards
  4 sleepcaps
  6 hell rats (Hell)
  119 mummies
  A howler monkey zombie (Crypt:1)
  8 gnolls
  11 adders
  2 shadow imps (Abyss:1)
  A white imp (Abyss:3)
  3 ufetubi (D:6)
  An adder zombie (Crypt:1)
  4 ribbon worms
  A dart slug (D:1)
  58 orcs
  4 endoplasms
  4 giant cockroaches
  16 goblins
  4 hobgoblins
  19 kobolds
  2 quokkas
  5 ball pythons
  2 bats
  A bombardier beetle zombie (Crypt:2)
  5 frilled lizards
  A giant cockroach zombie (Crypt:1)
  A quokka zombie (Crypt:1)
  8 rats
  A river rat skeleton (Crypt:1)
  21 aspiring fleshes
  10 creeping infernos
  82 fire vortices
  5 starspawn tentacles (Abyss:3)
  6 tentacles (Shoals:4)
6820 creatures vanquished.

Vanquished Creatures (collateral kills)
  A juggernaut (Zig:26)
  5 royal mummies
  2 pandemonium lords (Zig:21)
  A Killer Klown (Zot:4)
  A caustic shrike (Dis:7)
  2 iron giants (Dis:7)
  A Hell Sentinel (Dis:7)
  A tentacled monstrosity (Zig:17)
  An acid blob (Slime:1)
  A shadow dragon (Depths:4)
  An azure jelly (Slime:2)
  A fire giant (Zig:26)
  An emperor scorpion (Spider:4)
  A draconian shifter (Zot:2)
  A draconian scorcher (Zig:14)
  A black draconian (Zot:1)
  3 green draconians
  A white draconian (Zot:2)
  A bunyip (Zig:21)
  A great orb of eyes (Slime:5)
  A jorogumo (Pan)
  An anaconda (Zig:25)
  A death scarab (Tomb:3)
  A radroach (Zot:1)
  A spriggan (Zig:17)
  A titan skeleton (Zig:27)
  An ironbound convoker (Zig:20)
  A shining eye (Zig:18)
  A meliai (shapeshifter) (Zig:21)
  A will-o-the-wisp (Zig:17)
  A large abomination (Pan)
  A smoke demon (Zig:13)
  An apocalypse crab (Zig:12)
  A torpor snail (Zig:23)
  A freezing wraith (Coc:2)
  A guardian mummy (Zig:27)
  A hornet (Zig:17)
  2 slime creatures
  A spectral tarantella (Spider:4)
  An ushabti (Zig:27)
  A chaos spawn (Pan)
  A harpy simulacrum (Coc:7)
  A glowing shapeshifter skeleton (Zig:24)
  7 mummies
  2 aspiring fleshes (Pan)
  2 fire vortices (Zig:14)
63 creatures vanquished.

Vanquished Creatures (others)
  2 royal mummies (Zig:27)
  An Executioner (Pan)
  3 eldritch tentacles
  A nagaraja (Zig:25)
  An emperor scorpion (Zig:23)
  A very ugly thing (Zig:21)
  A red draconian (Zig:14)
  A purple draconian (Zot:2)
  2 ice dragons (Zig:21)
  An ogre mage (Zig:4)
  A two-headed ogre (D:14)
  A shock serpent (shapeshifter) (Zig:21)
  A swamp dragon (Zig:17)
  A deep elf zephyrmancer (Elf:3)
  A glowing shapeshifter (Zig:21)
  An elephant (shapeshifter) (Zig:21)
  An ice statue (Zig:17)
  3 smoke demons (Pan)
  A bloated husk (Zig:5)
  2 hellwings (Pan)
  An ushabti (Zig:27)
  A laughing skull (Crypt:3)
  2 mummies (Zig:27)
  6 ball lightnings (Pan)
  359 fire vortices
  7 starspawn tentacles (Abyss:3)
  2 tentacles (Shoals:4)
405 creatures vanquished.

Grand Total: 7288 creatures vanquished

Notes
Turn   | Place    | Note
-------+----------+-------------------------------------------
     0 | D:1      | Rudyous the Draconian Alchemist began the quest for the
                  | Orb.
     0 | D:1      | Reached XP level 1. HP: 14/14 MP: 3/3
   392 | D:1      | Reached XP level 2. HP: 22/22 MP: 0/5
   679 | D:1      | Reached skill level 1 in Fighting
   846 | D:2      | Reached skill level 1 in Fire Magic
   846 | D:2      | Reached XP level 3. HP: 27/28 MP: 4/6
  1191 | D:2      | Found a glowing silver altar of Zin.
  1510 | D:2      | Reached XP level 4. HP: 36/36 MP: 2/7
  1828 | D:3      | Found Kyqoo's Magic Scroll Shoppe.
  1857 | D:3      | Bought a scroll of identify for 22 gold pieces
  1857 | D:3      | Bought a scroll of identify for 22 gold pieces
  1857 | D:3      | Bought a scroll of identify for 22 gold pieces
  2153 | D:3      | Found Finwizod's Assorted Antiques.
  2178 | D:3      | Noticed Jessica
  2185 | D:3      | Killed Jessica
  2243 | D:3      | Reached XP level 5. HP: 39/42 MP: 1/9
  2421 | D:3      | Noticed an ogre
  2428 | D:3      | Killed an ogre
  2583 | D:3      | Found a runed translucent door.
  2584 | D:3      | Noticed Crazy Yiuf
  3130 | D:4      | Found a staircase to the Ecumenical Temple.
  3170 | D:4      | Reached XP level 6. HP: 50/50 MP: 6/10
  3193 | Temple   | Entered the Ecumenical Temple
  3209 | Temple   | Became a worshipper of Vehumet
  3865 | D:5      | Entered Level 5 of the Dungeon
  3983 | D:5      | Your scales start taking on a rich purple colour.
  3983 | D:5      | Reached XP level 7. HP: 21/58 MP: 2/14
  4572 | D:5      | Noticed a yak
  4574 | D:5      | Noticed a yak
  4576 | D:5      | Noticed a yak
  4651 | D:4      | Learned a level 4 spell: Olgreb's Toxic Radiance
  4663 | D:5      | Reached skill level 5 in Alchemy
  4817 | D:5      | Reached skill level 5 in Spellcasting
  5028 | D:5      | Reached * piety under Vehumet
  5028 | D:5      | Offered knowledge of Kiss of Death by Vehumet.
  5116 | D:5      | Killed a yak
  5120 | D:5      | Killed a yak
  5121 | D:5      | Reached XP level 8. HP: 67/67 MP: 5/16
  5127 | D:5      | Reached skill level 5 in Fighting
  5519 | D:5      | Learned a level 4 spell: Sticky Flame
  5788 | D:6      | Noticed Edmund
  5795 | D:6      | Killed Edmund
  5796 | D:6      | Reached skill level 5 in Fire Magic
  6095 | D:6      | Noticed Sigmund
  6192 | D:6      | Killed Sigmund
  6193 | D:6      | Reached XP level 9. HP: 70/75 MP: 6/18
  6396 | D:6      | Reached ** piety under Vehumet
  6676 | D:6      | Found a blossoming altar of Fedhas.
  6762 | D:6      | Offered knowledge of Momentum Strike by Vehumet.
  7169 | D:7      | Noticed Menkaure
  7425 | D:7      | Killed Menkaure
  7659 | D:7      | Found a transporter.
  7662 | D:7      | Noticed EvilWizard678's ghost (novice MDFi)
  7730 | D:7      | Found a transporter.
  7774 | D:7      | Noticed a moth of wrath
  8098 | D:7      | Found a basalt altar of Yredelemnul.
  8126 | D:7      | Noticed a two-headed ogre
  8134 | D:7      | Killed a two-headed ogre
  8135 | D:7      | Reached XP level 10. HP: 53/86 MP: 1/21
  8709 | D:8      | Noticed a manticore
  8723 | D:8      | Killed a manticore
  9078 | D:8      | Offered knowledge of Frozen Ramparts by Vehumet.
  9227 | D:8      | Noticed a white ugly thing
  9683 | D:9      | Found a shimmering altar of Xom.
  9776 | D:9      | Reached *** piety under Vehumet
  9777 | D:9      | Reached skill level 5 in Conjurations
  9933 | D:9      | Found a staircase to the Lair.
 10141 | D:9      | Offered knowledge of Brom's Barrelling Boulder by Vehumet.
 10219 | D:9      | Noticed Joseph
 10250 | D:9      | Learned a level 5 spell: Irradiate
 10649 | D:10     | Entered Level 10 of the Dungeon
 10823 | D:10     | Noticed Erolcha
 10831 | D:10     | Killed Erolcha
 10832 | D:10     | Reached XP level 11. HP: 95/95 MP: 8/24
 10989 | D:10     | Reached skill level 10 in Fire Magic
 11000 | D:10     | Reached **** piety under Vehumet
 11196 | D:10     | Offered knowledge of Stone Arrow by Vehumet.
 11201 | D:10     | Learned a level 3 spell: Stone Arrow
 11609 | D:10     | Reached skill level 1 in Earth Magic
 11670 | D:10     | Noticed Maggie
 11677 | D:10     | Killed Maggie
 11782 | D:10     | Found a broken altar of Ashenzari.
 11930 | D:10     | Found a staircase to the Orcish Mines.
 12264 | D:11     | Noticed a boulder beetle
 12271 | D:11     | Killed a boulder beetle
 12272 | D:11     | Reached skill level 10 in Spellcasting
 12638 | D:11     | Noticed Lodul
 12676 | D:11     | Killed Lodul
 12676 | D:11     | Noticed Amaemon
 12677 | D:11     | Reached skill level 10 in Fighting
 13047 | D:11     | Found a portal to a secret trove of treasure.
 13130 | D:11     | Reached XP level 12. HP: 98/106 MP: 21/26
 13407 | D:11     | Killed Amaemon
 13527 | Orc:1    | Entered Level 1 of the Orcish Mines
 13625 | Lair:1   | Entered Level 1 of the Lair of Beasts
 13758 | Lair:1   | Reached ***** piety under Vehumet
 13758 | Lair:1   | Offered knowledge of Iskenderun's Battlesphere by Vehumet.
 13895 | Lair:1   | Reached skill level 5 in Earth Magic
 14154 | Lair:1   | Noticed an eight-headed hydra
 14166 | Lair:1   | Killed an eight-headed hydra
 14574 | D:3      | Bought a glowing brass wand for 108 gold pieces
 15640 | Lair:2   | Found a gate leading to a gauntlet.
 15649 | Gauntlet | Entered a Gauntlet
 15649 | Gauntlet | Found a transporter.
 15649 | Gauntlet | Found a large runed translucent door.
 15649 | Gauntlet | Found a large runed translucent door.
 15649 | Gauntlet | Found a large runed translucent door.
 15649 | Gauntlet | Found a large runed translucent door.
 15649 | Gauntlet | Found a large runed translucent door.
 15649 | Gauntlet | Found a large runed translucent door.
 15649 | Gauntlet | Found a runed translucent door.
 15649 | Gauntlet | Found a runed translucent door.
 15649 | Gauntlet | Found a large runed translucent door.
 15649 | Gauntlet | Found a large runed translucent door.
 15649 | Gauntlet | Found a large runed translucent door.
 15649 | Gauntlet | Found a large runed translucent door.
 15649 | Gauntlet | Found a large runed translucent door.
 15649 | Gauntlet | Found a large runed translucent door.
 15652 | Gauntlet | Found a transporter.
 15653 | Gauntlet | Found a large runed translucent door.
 15653 | Gauntlet | Found a large runed translucent door.
 15654 | Gauntlet | Found a runed translucent gate.
 15654 | Gauntlet | Found a runed translucent gate.
 15654 | Gauntlet | Found a runed translucent gate.
 15655 | Gauntlet | Found a transporter.
 15656 | Gauntlet | Found a transporter.
 15656 | Gauntlet | Noticed a great orb of eyes
 15659 | Gauntlet | Found a transporter.
 15660 | Gauntlet | Found a transporter.
 15672 | Gauntlet | Found a transporter.
 15674 | Gauntlet | Found a transporter.
 15687 | Gauntlet | Found a transporter.
 15695 | Gauntlet | Found a transporter.
 15695 | Gauntlet | Found a transporter.
 15697 | Gauntlet | Found a large runed translucent door.
 15697 | Gauntlet | Found a large runed translucent door.
 15703 | Gauntlet | Found a transporter.
 15842 | Gauntlet | Got the Spellbook of the Translocated Chill
 15847 | Gauntlet | Identified the amulet "Caukusm" {Acrobat rElec Regen+
                  | Dex+3}
 15980 | Gauntlet | Identified the amulet of Hedediet {Spirit rPois Dex+4}
 16063 | Gauntlet | Found the brooch of Shielding {Spirit SH+8}
 16063 | Gauntlet | Noticed a minotaur
 16070 | Gauntlet | Killed a minotaur
 16140 | Gauntlet | Identified the staff of the Girdle {rF+ rN+ Int+2 Conj}
 16384 | Lair:2   | Reached XP level 13. HP: 104/116 MP: 27/28
 16860 | Lair:2   | Identified the +8 arbalest "Bysor" {freeze, *Corrode rC+++
                  | Dex+4}
 17526 | Lair:3   | Noticed Josephine
 17790 | Lair:3   | Killed Josephine
 18348 | Lair:3   | Offered knowledge of Arcjolt by Vehumet.
 18783 | Lair:3   | Found a hole to the Spider Nest.
 19436 | Lair:4   | Found a viscous altar of Jiyva.
 19500 | Lair:4   | Found a staircase to the Slime Pits.
 20443 | Lair:4   | Learned a level 8 spell: Ignition
 20463 | Lair:5   | Entered Level 5 of the Lair of Beasts
 20652 | Lair:5   | Learned a level 5 spell: Arcjolt
 20856 | Lair:5   | Reached XP level 14. HP: 127/127 MP: 22/30
 22439 | Lair:5   | Offered knowledge of Bombard by Vehumet.
 22452 | Lair:5   | Learned a level 6 spell: Bombard
 23270 | Lair:5   | Reached skill level 15 in Fire Magic
 24002 | Orc:2    | Entered Level 2 of the Orcish Mines
 24042 | Orc:2    | Noticed Snorg
 24050 | Orc:2    | Killed Snorg
 24278 | Orc:2    | Noticed Jorgrun
 24297 | Orc:2    | Killed Jorgrun
 24422 | Orc:2    | Found Fuag's General Store.
 24425 | Orc:2    | Offered knowledge of Lee's Rapid Deconstruction by Vehumet.
 24429 | Orc:2    | Reached XP level 15. HP: 137/137 MP: 33/33
 24571 | Orc:2    | Found Ketititi's Jewellery Shoppe.
 24575 | Orc:2    | Found Tuurabor's Book Boutique.
 24578 | Orc:2    | Bought a scroll of identify for 32 gold pieces
 24581 | Orc:2    | Found Nuplokk's Magic Scroll Shoppe.
 24634 | Orc:2    | Found a staircase to the Elven Halls.
 24961 | Orc:2    | Found a roughly hewn altar of Beogh.
 25069 | Orc:1    | Found a roughly hewn altar of Beogh.
 25305 | D:3      | Bought a scroll of identify for 22 gold pieces
 25305 | D:3      | Bought a scroll of identify for 22 gold pieces
 25305 | D:3      | Bought a scroll of poison for 44 gold pieces
 25305 | D:3      | Bought a scroll of teleportation for 33 gold pieces
 25305 | D:3      | Bought 2 scrolls of fear for 88 gold pieces
 25305 | D:3      | Bought a scroll of teleportation for 33 gold pieces
 25343 | D:3      | Bought a scroll of identify for 54 gold pieces
 25343 | D:3      | Bought a scroll of identify for 54 gold pieces
 25343 | D:3      | Bought a scroll of identify for 54 gold pieces
 25343 | D:3      | Bought a scroll of identify for 54 gold pieces
 25611 | D:12     | Noticed Nergalle
 25622 | D:12     | Killed Nergalle
 25794 | D:12     | Identified a scroll of acquirement
 25796 | D:12     | Acquired the ring "Niqoaraf" {rPois Str+2 Int+5 Dex+4}
 25870 | D:12     | Offered knowledge of Ozocubu's Refrigeration by Vehumet.
 26084 | D:12     | Identified the +9 quick blade "Taseg" {elec, rN+}
 26092 | D:12     | Reached skill level 10 in Earth Magic
 27741 | D:14     | Noticed Urug
 27741 | D:14     | Found a gate to the Vaults.
 27745 | D:14     | Killed Urug
 28082 | D:14     | Identified the +8 sling "Ygelixo" {heavy, rF+ Stlth+}
 28084 | D:14     | Found a shadowy altar of Dithmenos.
 28671 | D:14     | Noticed Azrael
 28677 | D:14     | Killed Azrael
 29340 | D:15     | Entered Level 15 of the Dungeon
 29398 | D:15     | Offered knowledge of Fireball by Vehumet.
 29498 | D:15     | Reached skill level 15 in Spellcasting
 29937 | D:15     | Found a stormy altar of Qazlal.
 30288 | D:15     | Reached XP level 16. HP: 146/147 MP: 35/35
 30318 | D:15     | Found a staircase to the Depths.
 30328 | D:15     | Reached skill level 15 in Fighting
 30667 | Shoals:1 | Entered Level 1 of the Shoals
 30679 | Shoals:1 | Learned a level 5 spell: Fireball
 31589 | Shoals:1 | Identified the ring "Habos" {^Drain rElec rC+ Str+3 Int+6}
 32291 | Shoals:1 | Identified the +5 long sword "Udares" {freeze, *Slow Will+
                  | Int+3 Stlth+}
 32457 | Shoals:2 | Noticed Ilsuiw
 33262 | Shoals:2 | Reached skill level 10 in Conjurations
 33468 | Shoals:2 | Acquired 756 gold pieces
 33553 | Shoals:2 | Killed Ilsuiw
 33698 | Shoals:2 | Found Queg's Distillery.
 33706 | Shoals:2 | Bought a potion of curing for 48 gold pieces
 33706 | Shoals:2 | Bought a potion of attraction for 48 gold pieces
 33706 | Shoals:2 | Bought a potion of curing for 48 gold pieces
 33706 | Shoals:2 | Bought 2 potions of resistance for 320 gold pieces
 33706 | Shoals:2 | Bought a potion of curing for 48 gold pieces
 33706 | Shoals:2 | Bought a potion of lignification for 48 gold pieces
 33706 | Shoals:2 | Bought a potion of attraction for 48 gold pieces
 33706 | Shoals:2 | Bought a potion of heal wounds for 80 gold pieces
 33706 | Shoals:2 | Bought 2 potions of resistance for 320 gold pieces
 34228 | Shoals:3 | Found a runed translucent gate.
 34229 | Shoals:3 | Found a runed translucent gate.
 34230 | Shoals:3 | Found a runed translucent gate.
 34233 | Shoals:3 | Noticed Ziod Jao's ghost (journeyman MeWn)
 34442 | Shoals:3 | Reached ****** piety under Vehumet
 35351 | Shoals:4 | Entered Level 4 of the Shoals
 35482 | Shoals:4 | Offered knowledge of Lehudib's Crystal Spear by Vehumet.
 35934 | Shoals:4 | Noticed a kraken
 35942 | Shoals:4 | Killed a kraken
 35943 | Shoals:4 | Reached XP level 17. HP: 158/158 MP: 14/37
 36097 | Shoals:3 | Noticed Mara
 36191 | Shoals:4 | Identified the +4 glaive of the Big Fish {speed, rElec
                  | Dex+3 Stlth+}
 36324 | Shoals:4 | Identified the +4 long sword "Roirat" {heavy, rElec Dex+3}
 36438 | Shoals:4 | Identified the ring of the Six Invaders {Will+ Dex+4}
 36873 | Shoals:4 | Found Alau's Antique Armour Emporium.
 36877 | Shoals:4 | Found Puxeraps's Book Emporium.
 36955 | Shoals:4 | Got a barnacled rune of Zot
 36971 | Shoals:4 | Found Cafejew's Armour Boutique.
 37531 | Vaults:1 | Entered Level 1 of the Vaults
 37753 | Vaults:1 | Noticed Asterion
 37765 | Vaults:1 | Killed Asterion
 39215 | Vaults:1 | Learned a level 8 spell: Lehudib's Crystal Spear
 40069 | Vaults:1 | Offered knowledge of Fire Storm by Vehumet.
 40069 | Vaults:1 | Offered knowledge of Shatter by Vehumet.
 40069 | Vaults:1 | Offered knowledge of Maxwell's Capacitive Coupling by
                  | Vehumet.
 41630 | Vaults:2 | Reached XP level 18. HP: 158/168 MP: 39/39
 42406 | Vaults:2 | Noticed Bai Suzhen
 42583 | Vaults:2 | Killed Bai Suzhen
 44208 | Vaults:2 | Upgraded the game from 0.32-a0-900-g30fb1b0edc to
                  | 0.32-a0-909-gc671339a80
 44820 | Vaults:3 | Got Sif Muna's Essays on the Dismal Lungs
 45455 | Vaults:3 | Found a staircase to the Crypt.
 45460 | Vaults:3 | Reached skill level 15 in Earth Magic
 46820 | Vaults:3 | Acquired 868 gold pieces
 47094 | Vaults:3 | Noticed an ancient lich
 47097 | Vaults:3 | Killed an ancient lich
 47272 | Vaults:3 | Reached XP level 19. HP: 50/179 MP: 22/41
 47804 | D:7      | Killed EvilWizard678's ghost
 47920 | D:3      | Bought a metallic purple potion for 24 gold pieces
 49374 | Vaults:4 | Found Zogeumu's Magic Scroll Boutique.
 49935 | Vaults:4 | Identified the orb "Cunaidie" {*channel, rC+}
 49935 | Vaults:4 | Noticed Frederick
 49939 | Vaults:4 | Killed Frederick
 50617 | Vaults:4 | Reached skill level 5 in Dodging
 51392 | Vaults:4 | Found Wateel's Antique Weapon Emporium.
 51822 | Elf:1    | Entered Level 1 of the Elven Halls
 53462 | Elf:1    | Learned a level 9 spell: Shatter
 53529 | Elf:1    | Got the Catalogue of the Gathering
 54132 | Elf:2    | Found Oczug's Assorted Antiques.
 54145 | Elf:2    | Bought a scroll of revelation for 232 gold pieces
 54145 | Elf:2    | Bought a potion of brilliance for 124 gold pieces
 54145 | Elf:2    | Bought a scroll of teleportation for 93 gold pieces
 54145 | Elf:2    | Bought a scroll of revelation for 232 gold pieces
 54145 | Elf:2    | Bought a potion of mutation for 248 gold pieces
 54145 | Elf:2    | Bought a scroll of fog for 124 gold pieces
 54192 | Elf:2    | Reached XP level 20. HP: 189/189 MP: 15/42
 55833 | Elf:2    | Found a huge runed translucent gate.
 55833 | Elf:2    | Found a huge runed translucent gate.
 55834 | Elf:2    | Found a huge runed translucent gate.
 55835 | Elf:2    | Found a huge runed translucent gate.
 55838 | Elf:2    | Found a huge runed translucent gate.
 55993 | Elf:3    | Entered Level 3 of the Elven Halls
 56470 | Elf:3    | Identified the ring of Hiasmoh {+Blink Fly rF- rC++}
 56470 | Elf:3    | Noticed Nikola
 56831 | Elf:3    | Found Ekahodinn's Antique Weapon Emporium.
 57258 | Elf:3    | Bought a jewelled dire flail for 261 gold pieces
 57258 | Elf:3    | Identified the +1 dire flail "Piymagim" {antimagic, Fly
                  | Str+2 Dex+3} (You bought it in a shop on level 3 of the
                  | Elven Halls)
 57399 | Elf:3    | Killed Nikola
 58557 | Elf:3    | Identified the ring "Hozatean" {rF++ rN+}
 58667 | Elf:3    | Found the +0 pair of gloves of the gadgeteer {Gadgeteer
                  | Wandboost ^Fragile}
 58694 | Elf:3    | Identified the +0 ring mail of Irksome Knowledge {rC++
                  | Int+3}
 59144 | Shoals:3 | Killed Ziod Jao's ghost
 59234 | Shoals:3 | Noticed Rudyous's illusion
 59235 | Shoals:3 | Killed Mara
 59634 | Crypt:1  | Entered Level 1 of the Crypt
 62042 | Crypt:1  | Noticed a royal mummy
 63782 | Crypt:1  | Reached XP level 21. HP: 200/200 MP: 22/44
 63946 | Crypt:1  | Killed a royal mummy
 64173 | Crypt:1  | Identified the +7 flail of Kismet {holy, Int+4 SInv}
 64384 | Crypt:2  | Found a magical portal.
 64392 | WizLab   | Entered Alistair's Party Mansion
 65316 | WizLab   | Got the Grimoire of Citrinitas
 65331 | WizLab   | Acquired the scarf "Xerulut" {rC+ rF+, rElec Str+6 Stlth-}
 67232 | Crypt:3  | Entered Level 3 of the Crypt
 67232 | Crypt:3  | Identified the +4 robe "Gis Osk" {rF+}
 67232 | Crypt:3  | Noticed Boris
 67235 | Crypt:3  | Killed Boris
 68327 | Crypt:3  | Noticed Vv
 68330 | Crypt:3  | Killed Vv
 68331 | Crypt:3  | Reached skill level 15 in Conjurations
 68594 | Crypt:3  | Identified the ring of Saosm {^Contam rPois rN++ rCorr
                  | Str-2 Slay+5}
 68605 | Crypt:3  | Reached skill level 10 in Dodging
 68608 | Crypt:3  | Identified the ring "Vuepenet" {*Slow rN++ rCorr Str+6
                  | Slay+3}
 69074 | Crypt:3  | Found a staircase to the Tomb.
 69352 | Crypt:3  | Found an ancient bone altar of Kikubaaqudgha.
 69380 | Crypt:3  | Identified the staff of Subjectivity {rN+ rCorr Dex+3
                  | Necro}
 69381 | Crypt:3  | Identified the staff "Roits" {rElec rF++ rN+ rCorr SInv
                  | Necro}
 69417 | Crypt:3  | Noticed a dread lich
 69420 | Crypt:3  | Killed a dread lich
 69549 | Crypt:3  | Identified the ring "Syon" {^Contam rN++ rCorr Str+6 Dex+4}
 70115 | Spider:1 | Entered Level 1 of the Spider Nest
 70119 | Spider:1 | Acquired the +2 pair of slick slippers {slick, slippery,
                  | EV+4}
 70119 | Spider:1 | Found the +2 pair of slick slippers {slick, slippery, EV+4}
 70300 | Spider:1 | Reached XP level 22. HP: 205/209 MP: 14/46
 72283 | Spider:2 | Found the +4 consecrated labrys {holy, Valiant ^Fragile Fly
                  | SInv}
 74576 | Spider:3 | Noticed Arachne
 74579 | Spider:3 | Killed Arachne
 74743 | Spider:2 | Learned a level 9 spell: Fire Storm
 76057 | Spider:4 | Entered Level 4 of the Spider Nest
 77281 | Spider:4 | Got a gossamer rune of Zot
 77427 | Spider:4 | Noticed Donald
 77429 | Spider:4 | Killed Donald
 77431 | Spider:4 | Noticed Mlioglotl
 77692 | Spider:4 | Killed Mlioglotl
 78107 | Slime:1  | Entered Level 1 of the Pits of Slime
 78373 | Slime:1  | Reached XP level 23. HP: 223/223 MP: 41/48
 79742 | Slime:2  | Gained mutation: Your health recovers twice as slowly from
                  | being drained. [a shining eye]
 80062 | Slime:4  | Reached skill level 1 in Throwing
 80728 | Slime:5  | Entered Level 5 of the Pits of Slime
 80758 | Slime:5  | Reached skill level 1 in Air Magic
 80758 | Slime:5  | Reached skill level 1 in Shapeshifting
 80911 | Slime:5  | Noticed the Royal Jelly
 80915 | Slime:5  | Killed the Royal Jelly
 81140 | Slime:5  | Identified the +8 rapier "Buibil" {pain, rPois rF+ Str+2}
 81239 | Slime:5  | Identified the ring "Efecu" {MP+9 Str+4 Dex+3 Stlth+}
 81414 | Slime:5  | Found the amulet of Vitality {Regen++ RegenMP++}
 81423 | Slime:5  | Identified the amulet of Jutoeps {Faith rC+}
 81549 | Slime:5  | Identified the +1 leather armour of the Iron Devil {Harm
                  | ^Drain rF+ Int+5}
 81554 | Slime:5  | Got a slimy rune of Zot
 81557 | Slime:5  | Identified the amulet of Yghas {rC++ rN+ Regen+}
 81571 | Slime:5  | Identified the +0 pair of gloves of Resonance {Will+ rCorr
                  | Dex+4}
 81585 | Slime:5  | Identified the maw talisman "Uvuets" {MP+9}
 82257 | Depths:1 | Entered Level 1 of the Depths
 82306 | Depths:1 | Found a hide-covered altar of Uskayaw.
 82354 | Depths:1 | Found a gateway to Hell.
 82551 | Depths:1 | Found Neimejam's Antique Armour Shoppe.
 82557 | Depths:1 | Found Irer's Antique Armour Shoppe.
 82565 | Depths:1 | Bought a pair of embroidered gloves for 315 gold pieces
 82759 | Depths:1 | Found a one-way gate leading to the halls of Pandemonium.
 83062 | Depths:1 | Reached skill level 5 in Throwing
 83108 | Depths:1 | Reached skill level 1 in Ice Magic
 83539 | Depths:2 | Reached XP level 24. HP: 232/235 MP: 23/49
 83540 | Depths:2 | Reached skill level 5 in Air Magic
 83935 | Depths:2 | Found an ancient bone altar of Kikubaaqudgha.
 84181 | Depths:2 | Reached skill level 5 in Ice Magic
 84262 | Depths:3 | Reached skill level 5 in Shapeshifting
 84386 | Depths:3 | Found an ancient bone altar of Kikubaaqudgha.
 84563 | Depths:3 | Found a runed translucent door.
 84647 | Depths:3 | Identified the amulet of Zilu {Faith rPois}
 84683 | Depths:3 | Identified the +3 orcbow of Duty {flame, rElec rF- Will+++
                  | Stlth-}
 84899 | Depths:3 | Found a one-way gateway to a ziggurat.
 85058 | Depths:3 | Found a one-way gate to the infinite horrors of the Abyss.
 85414 | Depths:4 | Entered Level 4 of the Depths
 85414 | Depths:4 | Found a flickering gateway to a bazaar.
 85431 | Bazaar   | Entered a bazaar
 85431 | Bazaar   | Found Sayxuxt's Magic Scroll Shop.
 85431 | Bazaar   | Found Omuerif's Book Emporium.
 85431 | Bazaar   | Found Nunni's General Store.
 85431 | Bazaar   | Found Avestrofu's General Store.
 85459 | Bazaar   | Found Cuic Cauh's Weapon Shoppe.
 85496 | Bazaar   | Bought the staff of Joyful Slaughter {Int+6 Dex-5 Conj Summ
                  | Air} for 407 gold pieces
 85496 | Bazaar   | Bought a scroll of teleportation for 27 gold pieces
 85496 | Bazaar   | Bought a scroll of summoning for 85 gold pieces
 85496 | Bazaar   | Bought a potion of curing for 27 gold pieces
 85496 | Bazaar   | Bought 2 potions of curing for 54 gold pieces
 85514 | Bazaar   | Bought a scroll of amnesia for 64 gold pieces
 85514 | Bazaar   | Bought a scroll of fog for 64 gold pieces
 85514 | Bazaar   | Bought a scroll of teleportation for 48 gold pieces
 85517 | Bazaar   | Bought a scroll of revelation for 67 gold pieces
 85526 | Depths:4 | Noticed Naxzaufe's ghost (veteran DEHs)
 85594 | Depths:4 | Killed Naxzaufe's ghost
 85711 | Depths:4 | Found a bloodstained altar of Trog.
 85846 | Depths:4 | Found a runed translucent gate.
 85847 | Depths:4 | Found a runed translucent gate.
 85848 | Depths:4 | Found a runed translucent gate.
 86213 | Depths:4 | Found a gate to the Realm of Zot.
 86463 | Depths:4 | Identified the +1 demon whip of Jaschemo {pain, Int+4}
 86619 | Zot:1    | Entered Level 1 of the Realm of Zot
 86620 | Zot:1    | Upgraded the game from 0.32-a0-909-gc671339a80 to
                  | 0.32-a0-913-g739538afd8
 87015 | Zot:1    | Reached skill level 10 in Ice Magic
 87430 | Zot:1    | Found a transporter.
 87438 | Zot:1    | Found a transporter.
 87441 | Zot:1    | Identified the +2 cloak of Amufros {rF+ Int+3}
 87444 | Zot:1    | Found a bloodstained altar of Trog.
 87444 | Zot:1    | Noticed Kinwaexu's ghost (veteran OnBe)
 87447 | Zot:1    | Identified the +1 cloak of Death Resistance {Slay+2}
 87467 | Zot:1    | Reached XP level 25. HP: 243/243 MP: 44/49
 87522 | Zot:1    | Noticed a dread lich
 87525 | Zot:1    | Killed a dread lich
 87662 | Zot:1    | Noticed a dread lich
 87665 | Zot:1    | Killed a dread lich
 87673 | Zot:1    | Noticed a dread lich
 87677 | Zot:1    | Killed a dread lich
 89200 | Zot:2    | Reached skill level 10 in Air Magic
 89776 | Zot:3    | Found the +4 dragonskin cloak {Aegis}
 89776 | Zot:3    | Noticed Tiamat
 90146 | Zot:3    | Killed Tiamat
 90906 | Zot:4    | Reached XP level 26. HP: 247/250 MP: 32/49
 90958 | Zot:4    | Reached skill level 10 in Shapeshifting
 91991 | Zot:5    | Entered Level 5 of the Realm of Zot
 92528 | Vaults:4 | Learned a level 9 spell: Polar Vortex
 92529 | Vaults:5 | Entered Level 5 of the Vaults
 92531 | Vaults:5 | Reached skill level 15 in Ice Magic
 92659 | Vaults:5 | Noticed an ancient lich
 92661 | Vaults:5 | Killed an ancient lich
 92879 | Vaults:4 | Lost mutation: Your health recovers twice as slowly from
                  | being drained. [potion of mutation]
 92879 | Vaults:4 | Gained mutation: Your magical capacity is low. (-10% MP)
                  | [potion of mutation]
 92879 | Vaults:4 | Gained mutation: You are vulnerable to heat. (rF-) [potion
                  | of mutation]
 92879 | Vaults:4 | Gained mutation: You occasionally shout uncontrollably at
                  | your foes. [potion of mutation]
 92879 | Vaults:4 | Gained mutation: Your muscles are strong. (Str +4, Int/Dex
                  | -1) [potion of mutation]
 92880 | Vaults:4 | Lost mutation: You occasionally shout uncontrollably at
                  | your foes. [potion of mutation]
 92880 | Vaults:4 | Lost mutation: Your magical capacity is low. (-10% MP)
                  | [potion of mutation]
 92880 | Vaults:4 | Lost mutation: You are vulnerable to heat. (rF-) [potion of
                  | mutation]
 92880 | Vaults:4 | Gained mutation: You are frail. (-10% HP) [potion of
                  | mutation]
 92880 | Vaults:4 | Gained mutation: You sometimes lose your temper in combat.
                  | [potion of mutation]
 92881 | Vaults:4 | Lost mutation: You sometimes lose your temper in combat.
                  | [potion of mutation]
 92881 | Vaults:4 | Lost mutation: Your muscles are strong. (Str +4, Int/Dex
                  | -1) [potion of mutation]
 92881 | Vaults:4 | Gained mutation: You passively map a small area around you.
                  | [potion of mutation]
 92881 | Vaults:4 | Gained mutation: Your mind is acute. (Int +4, Str/Dex -1)
                  | [potion of mutation]
 92881 | Vaults:4 | Gained mutation: You have large cloven feet. [potion of
                  | mutation]
 92882 | Vaults:4 | Lost mutation: You have large cloven feet. [potion of
                  | mutation]
 92882 | Vaults:4 | Lost mutation: Your mind is acute. (Int +4, Str/Dex -1)
                  | [potion of mutation]
 92882 | Vaults:4 | Gained mutation: You are agile. (Dex +4, Str/Int -1)
                  | [potion of mutation]
 92882 | Vaults:4 | Gained mutation: Your body sometimes deteriorates upon
                  | taking damage. [potion of mutation]
 92883 | Vaults:4 | Lost mutation: You passively map a small area around you.
                  | [potion of mutation]
 92883 | Vaults:4 | Lost mutation: You are frail. (-10% HP) [potion of
                  | mutation]
 92883 | Vaults:4 | Lost mutation: You are agile. (Dex +4, Str/Int -1) [potion
                  | of mutation]
 92883 | Vaults:4 | Gained mutation: You are somewhat resistant to further
                  | mutation. [potion of mutation]
 92884 | Vaults:4 | Lost mutation: You are somewhat resistant to further
                  | mutation. [potion of mutation]
 92884 | Vaults:4 | Lost mutation: Your body sometimes deteriorates upon taking
                  | damage. [potion of mutation]
 92884 | Vaults:4 | Gained mutation: You have a pair of small antennae on your
                  | head. [potion of mutation]
 92885 | Vaults:4 | Lost mutation: You have a pair of small antennae on your
                  | head. [potion of mutation]
 92885 | Vaults:4 | Gained mutation: You sometimes lose your temper in combat.
                  | [potion of mutation]
 92885 | Vaults:4 | Gained mutation: You have a pair of small horns on your
                  | head. [potion of mutation]
 92886 | Vaults:4 | Lost mutation: You sometimes lose your temper in combat.
                  | [potion of mutation]
 92886 | Vaults:4 | Lost mutation: You have a pair of small horns on your head.
                  | [potion of mutation]
 92886 | Vaults:4 | Gained mutation: Your flesh is heat resistant. (rF+)
                  | [potion of mutation]
 92886 | Vaults:4 | Gained mutation: You are strong-willed. (Will+) [potion of
                  | mutation]
 92886 | Vaults:4 | Gained mutation: You are vulnerable to cold. (rC-) [potion
                  | of mutation]
 92886 | Vaults:4 | Gained mutation: Your muscles are strong. (Str +4, Int/Dex
                  | -1) [potion of mutation]
 92887 | Vaults:4 | Lost mutation: You are strong-willed. (Will+) [potion of
                  | mutation]
 92887 | Vaults:4 | Lost mutation: Your flesh is heat resistant. (rF+) [potion
                  | of mutation]
 92887 | Vaults:4 | Lost mutation: Your muscles are strong. (Str +4, Int/Dex
                  | -1) [potion of mutation]
 92887 | Vaults:4 | Gained mutation: You have a pair of small horns on your
                  | head. [potion of mutation]
 92888 | Vaults:4 | Lost mutation: You have a pair of small horns on your head.
                  | [potion of mutation]
 92888 | Vaults:4 | Lost mutation: You are vulnerable to cold. (rC-) [potion of
                  | mutation]
 92888 | Vaults:4 | Gained mutation: Your large and strong wings let you fly.
                  | [potion of mutation]
 93121 | Vaults:5 | Noticed a dread lich
 93123 | Vaults:5 | Killed a dread lich
 93125 | Vaults:5 | Reached XP level 27. HP: 236/250 MP: 13/49
 93331 | Vaults:5 | Identified the +3 leather armour "Huavua Jabam" {rElec
                  | rPois rF+}
 93417 | Vaults:5 | Identified the amulet "Momifedgh" {Spirit Str+3}
 93502 | Vaults:5 | Found Yxuume Vulio's Assorted Antiques.
 93644 | Vaults:5 | Found Kips's Jewellery Boutique.
 93977 | Vaults:5 | Got a silver rune of Zot
 94191 | Vaults:5 | Bought a scroll of amnesia for 128 gold pieces
 94191 | Vaults:5 | Bought a scroll of teleportation for 96 gold pieces
 94212 | Vaults:4 | Bought a scroll of noise for 21 gold pieces
 94212 | Vaults:4 | Bought a scroll of fear for 84 gold pieces
 94212 | Vaults:4 | Bought a scroll of blinking for 157 gold pieces
 94212 | Vaults:4 | Bought a scroll of immolation for 84 gold pieces
 94212 | Vaults:4 | Bought a scroll of teleportation for 63 gold pieces
 94212 | Vaults:4 | Bought a scroll of fear for 84 gold pieces
 94212 | Vaults:4 | Bought a scroll of fear for 84 gold pieces
 94378 | Orc:2    | Bought 3 scrolls of fog for 156 gold pieces
 94378 | Orc:2    | Bought a scroll of teleportation for 39 gold pieces
 94378 | Orc:2    | Bought 2 scrolls of teleportation for 78 gold pieces
 94378 | Orc:2    | Bought a scroll of summoning for 123 gold pieces
 94391 | Orc:2    | Bought a potion of mutation for 128 gold pieces
 94545 | D:3      | Bought a tin of tremorstones (2/2) for 1080 gold pieces
 94870 | Depths:3 | Voluntarily entered the Abyss.
 94903 | Abyss:1  | Found a sparkling altar of Nemelex Xobeh.
 94926 | Abyss:1  | Found a corrupted altar of Lugonu.
 95001 | Abyss:2  | Found a corrupted altar of Lugonu.
 95019 | Abyss:2  | Learned a level 1 spell: Apportation
 95032 | Abyss:2  | Found a corrupted altar of Lugonu.
 95056 | Abyss:3  | Found a corrupted altar of Lugonu.
 95323 | Abyss:3  | Found a corrupted altar of Lugonu.
 95323 | Abyss:3  | Found a corrupted altar of Lugonu.
 95323 | Abyss:3  | Found a corrupted altar of Lugonu.
 95514 | Abyss:3  | Found a corrupted altar of Lugonu.
 95551 | Abyss:3  | Reached skill level 15 in Shapeshifting
 95562 | Abyss:3  | Noticed a juggernaut
 95565 | Abyss:3  | Got an abyssal rune of Zot
 95572 | Abyss:3  | Found a corrupted altar of Lugonu.
 95651 | Abyss:3  | Noticed an ancient lich
 95666 | Abyss:3  | Killed an ancient lich
 95669 | Depths:3 | Escaped the Abyss
 95910 | D:11     | You showed the abyssal rune of Zot to enter a treasure
                  | trove
 95911 | Trove    | Entered a treasure trove
 95955 | Trove    | Found the +3 pair of seven-league boots {Rampage+∞}
 96013 | Trove    | Learned a level 8 spell: Maxwell's Capacitive Coupling
 96392 | Zig:1    | Entered Level 1 of a ziggurat
 96509 | Zig:2    | Entered Level 2 of a ziggurat
 96632 | Zig:3    | Entered Level 3 of a ziggurat
 96634 | Zig:3    | Reached skill level 1 in Evocations
 96641 | Zig:3    | Identified the +1 quarterstaff "Transmigrator" {protect,
                  | Fly rElec rF+}
 96649 | Zig:4    | Entered Level 4 of a ziggurat
 96658 | Zig:4    | Identified the +6 dagger "Dameekk" {drain, *Rage *Slow
                  | rElec Will++}
 96662 | Zig:4    | Identified the +1 robe of Impressiveness {Fly}
 96663 | Zig:4    | Identified the +9 trident "Toocs" {flame, rN+ Will+ Dex+5}
 96676 | Zig:5    | Entered Level 5 of a ziggurat
 96690 | Zig:5    | Identified the staff of the Teaching Bear {rC+ rN+ Int+2
                  | Dex+2 Ice}
 96699 | Zig:5    | Identified the +6 hand axe of Ovicideu {venom, rC+}
 96718 | Zig:6    | Entered Level 6 of a ziggurat
 96725 | Zig:6    | Found the +0 pair of fencer's gloves {Riposte Dex+3}
 96731 | Zig:6    | Identified the amulet of the Philosopher {Regen+ Str+4
                  | Int+3 Dex-2}
 96842 | Zig:7    | Entered Level 7 of a ziggurat
 96891 | Zig:8    | Entered Level 8 of a ziggurat
 96929 | Zig:8    | Identified the +1 plate armour of the Rotten God {Dex+5
                  | Stlth+}
 96964 | Zig:9    | Entered Level 9 of a ziggurat
 96967 | Zig:9    | Gained mutation: Your body sometimes deteriorates upon
                  | taking damage. [a neqoxec]
 96968 | Zig:9    | Noticed a royal mummy
 96970 | Zig:9    | Reached skill level 5 in Evocations
 96971 | Zig:9    | Killed a royal mummy
 97060 | Zig:9    | Got the Encyclopedia of Prime Weather
 97090 | Zig:9    | Learned a level 9 spell: Chain Lightning
 97100 | Zig:10   | Entered Level 10 of a ziggurat
 97108 | Zig:10   | Reached skill level 10 in Throwing
 97147 | Zig:11   | Entered Level 11 of a ziggurat
 97202 | Zig:12   | Entered Level 12 of a ziggurat
 97231 | Zig:12   | Got the Incunabulum of Unholy Space
 97252 | Zig:12   | Learned a level 4 spell: Passage of Golubria
 97256 | Zig:13   | Entered Level 13 of a ziggurat
 97273 | Zig:13   | Found the -2 hat of the Alchemist {rElec rPois rF+ rC+ rN+
                  | Will+ rMut rCorr}
 97317 | Zig:13   | Identified the staff of Fogiugupen {rPois Str+2 Stlth+
                  | Alchemy}
 97318 | Zig:13   | Identified the +3 great mace of Twilight {freeze, Str+6}
 97320 | Zig:14   | Entered Level 14 of a ziggurat
 97369 | Zig:14   | Identified the staff "Zetimy" {rElec rC+ rCorr Int+3 Air}
 97394 | Zig:14   | Identified the +0 scale mail of the Bells {Int+5}
 97463 | Zig:15   | Entered Level 15 of a ziggurat
 97476 | Zig:15   | Noticed a royal mummy
 97477 | Zig:15   | Noticed a royal mummy
 97477 | Zig:15   | Noticed a royal mummy
 97479 | Zig:15   | Killed a royal mummy
 97479 | Zig:15   | Killed a royal mummy
 97480 | Zig:15   | Killed a royal mummy
 97480 | Zig:15   | Noticed a royal mummy
 97492 | Zig:15   | Killed a royal mummy
 97637 | Zig:16   | Entered Level 16 of a ziggurat
 97649 | Zig:16   | Noticed a royal mummy
 97652 | Zig:16   | Killed a royal mummy
 97654 | Zig:16   | Noticed a royal mummy
 97654 | Zig:16   | Noticed a royal mummy
 97661 | Zig:16   | Noticed a royal mummy
 97881 | Hell     | Entered the Vestibule of Hell
 97882 | Hell     | Noticed Geryon
 97885 | Hell     | Noticed Murray
 97888 | Hell     | Killed Geryon
 97890 | Hell     | Killed Murray
 97900 | Depths:3 | Gained mutation: You have hidden genetic defects.
                  | [mutagenic glow]
 98052 | Hell     | Found a gateway to the ashen valley of Gehenna.
 98149 | Hell     | Found a gateway to the Iron City of Dis.
 98195 | Hell     | Found a gateway to the freezing wastes of Cocytus.
 98293 | Hell     | Found a gateway to the decaying netherworld of Tartarus.
 98412 | Pan      | Entered Pandemonium
 98745 | Pan      | Noticed Zusong the pandemonium lord
 98771 | Pan      | Gained mutation: Your health recovers twice as slowly from
                  | being drained. [hidden defects]
 98781 | Pan      | Reached skill level 15 in Air Magic
 99336 | Pan      | Got a demonic rune of Zot
 99401 | Pan      | Reached skill level 10 in Evocations
 99530 | Pan      | Noticed Zaicw the pandemonium lord
 99534 | Pan      | Killed Zaicw the pandemonium lord
 99925 | Pan      | Found an exit through the horrors of the Abyss.
100154 | Pan      | Identified the +4 glaive "Fist" {protect, Dex+5 Stlth-}
100154 | Pan      | Identified the ring "Ceypaxza" {rElec rPois rCorr Int+6
                  | Slay-4}
100162 | Pan      | Found a transporter.
100162 | Pan      | Found a transporter.
100187 | Pan      | Found a transporter.
100214 | Pan      | Found a transporter.
100232 | Pan      | Found a transporter.
100868 | Pan      | Identified the +0 cloak of Twilight {-Cast Rampage rC+
                  | rCorr}
100965 | Pan      | Lost mutation: You have hidden genetic defects. [potion of
                  | mutation]
100965 | Pan      | Lost mutation: Your body sometimes deteriorates upon taking
                  | damage. [potion of mutation]
100966 | Pan      | Lost mutation: Your large and strong wings let you fly.
                  | [potion of mutation]
100966 | Pan      | Lost mutation: Your health recovers twice as slowly from
                  | being drained. [potion of mutation]
101054 | Pan      | Noticed Doxoeke the pandemonium lord
101060 | Pan      | Killed Doxoeke the pandemonium lord
102057 | Pan      | Noticed Mennas
102370 | Pan      | Killed Mennas
102614 | Pan      | Found a runed translucent door.
102867 | Pan      | Noticed Uptoocw the pandemonium lord
102999 | Pan      | Killed Uptoocw the pandemonium lord
103078 | Pan      | Noticed Jipsoec the pandemonium lord
103083 | Pan      | Killed Jipsoec the pandemonium lord
103251 | Pan      | Found an exit through the horrors of the Abyss.
103729 | Pan      | Entered the realm of Mnoleg.
103761 | Pan      | Gained mutation: You are somewhat resistant to further
                  | mutation. [a cacodemon]
104529 | Pan      | Gained mutation: You sometimes lose your temper in combat.
                  | [a neqoxec]
104562 | Pan      | Lost mutation: You sometimes lose your temper in combat.
                  | [potion of mutation]
104562 | Pan      | Lost mutation: You are somewhat resistant to further
                  | mutation. [potion of mutation]
104562 | Pan      | Gained mutation: Your spells are a little harder to cast,
                  | but a little more powerful. [potion of mutation]
104704 | Pan      | Noticed Mnoleg
104705 | Pan      | Reached skill level 1 in Translocations
104753 | Pan      | Killed Mnoleg
104935 | Pan      | Got a glowing rune of Zot
105051 | Pan      | Entered the realm of Cerebov.
105366 | Pan      | Identified the ring "Ywibb" {Will+ MP+9 Str-3 Int+6 Stlth+}
105449 | Pan      | Found the +6 sword of Cerebov {flame}
105449 | Pan      | Noticed Cerebov
105718 | Pan      | Killed Cerebov
105781 | Pan      | Identified the ring "Kyrirgh" {rElec rN+ Will+ Str-3 SInv}
105782 | Pan      | Identified the +6 falchion "Kuthel" {flame, Str-2 Int+6
                  | SInv}
105783 | Pan      | Identified the +9 spear of the Bequeathed God {spect, Will-
                  | Int+4}
105790 | Pan      | Identified the +6 spear "Goblinbane" {vamp, rElec rC-
                  | Str+3}
105814 | Pan      | Reached skill level 5 in Translocations
105866 | Pan      | Identified the +1 scale mail of Action {rElec Will+ Dex+3
                  | Stlth+}
105887 | Pan      | Identified the -2 pair of gloves "Fyposy" {rPois rF+}
106019 | Pan      | Identified the ring of the Establishment {rC+ Str+7}
106021 | Pan      | Identified the +4 shortbow of Defence by Offence {drain,
                  | Will+}
106022 | Pan      | Identified the ring of Balance {rC+ Int+6 SInv}
106025 | Pan      | Identified the +2 spear "Killer Bee's Curse" {flame, rF+
                  | Int+2 Dex+2}
106106 | Pan      | Got a fiery rune of Zot
106157 | Pan      | Noticed Ignacio
106162 | Pan      | Killed Ignacio
106293 | Pan      | Noticed Onkyu the pandemonium lord
106299 | Pan      | Killed Onkyu the pandemonium lord
106300 | Pan      | Reached skill level 15 in Throwing
106507 | Pan      | Reached skill level 15 in Evocations
106842 | Pan      | Found an exit through the horrors of the Abyss.
107321 | Pan      | Noticed Coonk the pandemonium lord
107328 | Pan      | Entered the realm of Gloorx Vloq.
107329 | Pan      | Noticed Gloorx Vloq
108382 | Pan      | Killed Gloorx Vloq
108414 | Pan      | Got a dark rune of Zot
108544 | Pan      | Entered the realm of Lom Lobon.
108635 | Pan      | Found an exit through the horrors of the Abyss.
109420 | Pan      | Noticed Lom Lobon
109429 | Pan      | Killed Lom Lobon
109790 | Pan      | Got a magical rune of Zot
109979 | Pan      | Noticed Zoerhet the pandemonium lord
109983 | Pan      | Killed Zoerhet the pandemonium lord
110193 | Pan      | Found an exit through the horrors of the Abyss.
110551 | Pan      | Noticed Toffadir the pandemonium lord
110557 | Pan      | Killed Toffadir the pandemonium lord
111504 | Depths:2 | Escaped Pandemonium
111849 | D:10     | Got the Cyclopedia of Mud
112067 | Coc:1    | Entered Level 1 of Cocytus
112261 | Coc:2    | Noticed a juggernaut
112263 | Coc:2    | Noticed a juggernaut
112327 | Coc:2    | Killed a juggernaut
112330 | Coc:2    | Killed a juggernaut
112339 | Coc:2    | Paralysed by a wendigo for 1 turns
112354 | Coc:2    | Paralysed by a wendigo for 1 turns
113030 | Coc:7    | Entered Level 7 of Cocytus
113030 | Coc:7    | Noticed a dread lich
113032 | Coc:7    | Killed a dread lich
113101 | Coc:7    | Noticed the Serpent of Hell
113108 | Coc:7    | Killed the Serpent of Hell
113109 | Coc:7    | Reached skill level 15 in Dodging
114174 | Coc:7    | Paralysed by a wendigo for 1 turns
114295 | Coc:7    | Identified the +5 morningstar of the Globe {flame, rN+
                  | Str+5 Int-5}
114295 | Coc:7    | Noticed Antaeus
114310 | Coc:7    | Killed Antaeus
114345 | Coc:7    | Got an icy rune of Zot
114371 | Coc:7    | Identified the ring "Faluf" {rElec rPois rN+ Will+ Int-3
                  | Dex+2}
114439 | Coc:7    | Identified the ring "Plog" {Ice rCorr Str+4 Dex+3 Stlth+}
114628 | Coc:7    | Noticed a dread lich
114630 | Coc:7    | Killed a dread lich
114662 | Coc:7    | Paralysed by a wendigo for 1 turns
114722 | Geh:1    | Entered Level 1 of Gehenna
116175 | Geh:6    | Noticed a dread lich
116175 | Geh:6    | Noticed an ancient lich
116176 | Geh:6    | Killed a dread lich
116176 | Geh:6    | Killed an ancient lich
116176 | Geh:6    | Noticed an ancient lich
116176 | Geh:6    | Noticed a dread lich
116177 | Geh:6    | Noticed an ancient lich
116178 | Geh:6    | Killed an ancient lich
116178 | Geh:6    | Killed a dread lich
116178 | Geh:6    | Killed an ancient lich
116443 | Geh:7    | Entered Level 7 of Gehenna
117434 | Geh:7    | Identified the +0 pair of gloves of Ferocious Creativity
                  | {Harm Str+2 SInv}
117577 | Geh:7    | Found the +13 sceptre of Asmodeus
117577 | Geh:7    | Noticed Asmodeus
117673 | Geh:7    | Killed Asmodeus
117749 | Geh:7    | Identified the +1 pair of boots "Naeduf" {rPois rC- Slay+6}
117783 | Geh:7    | Identified the staff "Killer Bee's Foe" {rElec Str+2 Ice
                  | Air}
117807 | Geh:7    | Got an obsidian rune of Zot
118358 | Temple   | Fell from the grace of Vehumet
118358 | Temple   | Became a worshipper of Gozag Ym Sagoz the Greedy
118681 | Pan      | Entered Pandemonium
119055 | Pan      | Noticed Hapytiru the pandemonium lord
119058 | Pan      | Killed Hapytiru the pandemonium lord
120677 | Pan      | Noticed Apruxuy the pandemonium lord
120684 | Pan      | Killed Apruxuy the pandemonium lord
122072 | Depths:1 | Escaped Pandemonium
122079 | Depths:1 | Bought a scroll of teleportation for 69 gold pieces
122079 | Depths:1 | Bought a wand of roots (3) for 165 gold pieces
122079 | Depths:1 | Bought a crude falchion for 184 gold pieces
122079 | Depths:1 | Identified the +9 falchion of the Pits of Slime {freeze,
                  | rC- Int+9 Dex-2} (You bought it in a shop on level 1 of the
                  | Depths)
122086 | Depths:1 | Bought a scroll of blinking for 157 gold pieces
122086 | Depths:1 | Bought a scroll of teleportation for 63 gold pieces
122088 | Pan      | Entered Pandemonium
122103 | Pan      | Found an exit through the horrors of the Abyss.
122414 | Pan      | Noticed Otuvomum the pandemonium lord
122420 | Pan      | Killed Otuvomum the pandemonium lord
123621 | Pan      | Noticed Ceanioq the pandemonium lord
123728 | Pan      | Identified the orb of the Lobster {mayhem, *Corrode Str+4
                  | Necro}
124008 | Pan      | Found an exit through the horrors of the Abyss.
124122 | Pan      | Noticed Woazaq the pandemonium lord
124126 | Pan      | Killed Woazaq the pandemonium lord
124355 | Pan      | Found an exit through the horrors of the Abyss.
127197 | Pan      | Noticed Ociughin the pandemonium lord
127213 | Pan      | Killed Ociughin the pandemonium lord
127381 | Pan      | Identified the +4 morningstar of Bikib {vamp, SInv}
128072 | Pan      | Noticed Wuecvano the pandemonium lord
128074 | Pan      | Killed Wuecvano the pandemonium lord
128458 | Pan      | Identified the amulet "Huem" {Spirit -Cast rPois rC+
                  | Stlth+}
128483 | Pan      | Was forgiven by Vehumet
130344 | Pan      | Found an exit through the horrors of the Abyss.
130557 | Pan      | Found a runed translucent door.
130562 | Pan      | Identified the +3 flail of Onge {heavy, Int+5}
130566 | Pan      | Found a runed translucent door.
130584 | Pan      | Noticed Ovuzeeh the pandemonium lord
130726 | Pan      | Reached skill level 1 in Staves
130886 | Pan      | Found a runed translucent door.
130894 | Pan      | Found a runed translucent door.
130904 | Pan      | Killed Ovuzeeh the pandemonium lord
130946 | Pan      | Identified the +1 halberd of Wisdom {drain, *Noise rElec
                  | rPois rN+}
131398 | Depths:1 | Escaped Pandemonium
131406 | Depths:1 | Bought a scroll of acquirement for 988 gold pieces
131406 | Depths:1 | Bought a scroll of teleportation for 57 gold pieces
131407 | Depths:1 | Bought a potion of curing for 57 gold pieces
131407 | Depths:1 | Bought a potion of heal wounds for 95 gold pieces
131407 | Depths:1 | Bought a potion of ambrosia for 152 gold pieces
131407 | Depths:1 | Bought a potion of magic for 152 gold pieces
131407 | Depths:1 | Bought 2 potions of curing for 114 gold pieces
131407 | Depths:1 | Bought a potion of mutation for 152 gold pieces
131423 | Pan      | Entered Pandemonium
131657 | Pan      | Found an exit through the horrors of the Abyss.
132327 | Pan      | Noticed Pithrolaa the pandemonium lord
132335 | Pan      | Killed Pithrolaa the pandemonium lord
133031 | Pan      | Noticed Kelelum the pandemonium lord
133037 | Pan      | Killed Kelelum the pandemonium lord
133143 | Pan      | Reached skill level 5 in Staves
133446 | Pan      | Found an exit through the horrors of the Abyss.
134213 | Pan      | Noticed Sabutouf the pandemonium lord
134215 | Pan      | Killed Sabutouf the pandemonium lord
134985 | Pan      | Noticed Iwol the pandemonium lord
134988 | Pan      | Killed Iwol the pandemonium lord
135713 | Pan      | Found an exit through the horrors of the Abyss.
135975 | Pan      | Found an exit through the horrors of the Abyss.
136233 | Pan      | Found a runed translucent door.
136755 | Pan      | Reached skill level 10 in Staves
136847 | Pan      | Reached skill level 10 in Translocations
136853 | Pan      | Noticed Onihu the pandemonium lord
136975 | Pan      | Killed Onihu the pandemonium lord
137252 | Depths:1 | Escaped Pandemonium
137361 | Tar:1    | Entered Level 1 of Tartarus
137510 | Tar:1    | Acquired a manual of Staves
137512 | Tar:1    | Acquired 716 gold pieces
137514 | Tar:1    | Acquired 811 gold pieces
138171 | Tar:3    | Acquired 1064 gold pieces
138574 | Tar:4    | Reached skill level 5 in Stealth
139012 | Tar:7    | Entered Level 7 of Tartarus
139912 | Tar:7    | Identified the granite talisman of the Sea {Str+4 Slay+2}
139963 | Tar:7    | Identified the +2 robe "Rumim" {Fly}
139967 | Tar:7    | Identified the ring "Jikifipn" {rF++ AC+4}
140133 | Tar:7    | Identified the +12 whip "Leiloev" {holy, rElec rCorr Str+2
                  | Dex-3}
140148 | Tar:7    | Identified the ring "Rynin" {Fire rPois Str+3}
140149 | Tar:7    | Identified the staff "Fengam" {rPois Int+3 Alchemy}
140153 | Tar:7    | Identified the +1 long sword of Mourning {venom, Str+2
                  | Dex+2}
141086 | Tar:7    | Noticed Ereshkigal
141685 | Tar:7    | Killed Ereshkigal
141807 | Tar:7    | Got a bone rune of Zot
142680 | Depths:1 | Bought a warped staff for 510 gold pieces
142680 | Depths:1 | Identified the staff "Xoxoicvi" {Fly rElec rC+ Int+4 Tloc
                  | Ice} (You bought it in a shop on level 1 of the Depths)
143074 | Tomb:1   | Entered Level 1 of the Tomb of the Ancients
143820 | Tomb:1   | Noticed a royal mummy
143824 | Tomb:1   | Killed a royal mummy
143949 | Tomb:1   | Noticed a royal mummy
143951 | Tomb:1   | Killed a royal mummy
144273 | Tomb:1   | Noticed a royal mummy
144276 | Tomb:1   | Killed a royal mummy
144276 | Tomb:1   | Killed a royal mummy
144314 | Tomb:1   | Noticed a royal mummy
144317 | Tomb:1   | Killed a royal mummy
144317 | Tomb:1   | Noticed a royal mummy
144318 | Tomb:1   | Killed a royal mummy
144320 | Tomb:1   | Noticed a royal mummy
144323 | Tomb:1   | Killed a royal mummy
144426 | Tomb:1   | Noticed a royal mummy
144428 | Tomb:1   | Killed a royal mummy
144472 | Tomb:1   | Noticed a royal mummy
144474 | Tomb:1   | Killed a royal mummy
144500 | Tomb:1   | Noticed a royal mummy
144502 | Tomb:1   | Killed a royal mummy
144520 | Tomb:1   | Noticed a royal mummy
144523 | Tomb:1   | Killed a royal mummy
144524 | Tomb:1   | Reached skill level 10 in Stealth
144542 | Tomb:1   | Noticed a royal mummy
144545 | Tomb:1   | Killed a royal mummy
144564 | Tomb:1   | Noticed a royal mummy
144564 | Tomb:1   | Noticed a royal mummy
144567 | Tomb:1   | Killed a royal mummy
144567 | Tomb:1   | Killed a royal mummy
144667 | Tomb:1   | Noticed a royal mummy
144669 | Tomb:1   | Killed a royal mummy
144881 | Tomb:2   | Noticed a royal mummy
144881 | Tomb:2   | Noticed a royal mummy
144883 | Tomb:2   | Noticed a royal mummy
144884 | Tomb:2   | Noticed a royal mummy
144886 | Tomb:2   | Killed a royal mummy
144886 | Tomb:2   | Killed a royal mummy
144887 | Tomb:2   | Killed a royal mummy
144888 | Tomb:2   | Killed a royal mummy
145798 | Tomb:3   | Entered Level 3 of the Tomb of the Ancients
145807 | Tomb:3   | Identified the +3 robe "Miudoida" {rF+ Regen+ Archmagi}
145807 | Tomb:3   | Noticed Boris
145809 | Tomb:3   | Reached skill level 15 in Translocations
145809 | Tomb:3   | Noticed a royal mummy
145809 | Tomb:3   | Noticed a royal mummy
145811 | Tomb:3   | Killed Boris
145812 | Tomb:3   | Killed a royal mummy
145814 | Tomb:3   | Killed a royal mummy
145835 | Tomb:3   | Noticed a royal mummy
145839 | Tomb:3   | Killed a royal mummy
145839 | Tomb:3   | Noticed a royal mummy
145843 | Tomb:3   | Killed a royal mummy
145847 | Tomb:3   | Noticed a royal mummy
145848 | Tomb:3   | Noticed a royal mummy
145854 | Tomb:3   | Killed a royal mummy
145854 | Tomb:3   | Killed a royal mummy
145859 | Tomb:3   | Noticed a royal mummy
145863 | Tomb:3   | Killed a royal mummy
145870 | Tomb:3   | Noticed a royal mummy
145873 | Tomb:3   | Noticed a royal mummy
145873 | Tomb:3   | Killed a royal mummy
145878 | Tomb:3   | Killed a royal mummy
146392 | Tomb:3   | Found the +3 greatsling "Punk" {acid, rCorr}
146393 | Tomb:3   | Found the necklace of Bloodlust {Fury *Rage Will++ Int-3
                  | Slay+6}
146439 | Tomb:3   | Got the Book of Algor and Gusts
146463 | Tomb:3   | Identified the ring of Suskap {rElec AC+4}
146483 | Tomb:3   | Identified the +11 plate armour of the Volcano {Will+
                  | Str+7}
146570 | Tomb:3   | Got a golden rune of Zot
147046 | Depths:1 | Learned a level 8 spell: Disjunction
147931 | Dis:1    | Entered Level 1 of the Iron City of Dis
148931 | Dis:5    | Found a huge runed translucent gate.
148931 | Dis:5    | Found a huge runed translucent gate.
148931 | Dis:5    | Found a huge runed translucent gate.
148931 | Dis:5    | Found a huge runed translucent gate.
148931 | Dis:5    | Found a huge runed translucent gate.
148931 | Dis:5    | Found a huge runed translucent gate.
148933 | Dis:5    | Found a huge runed translucent gate.
148935 | Dis:5    | Found a huge runed translucent gate.
148936 | Dis:5    | Found a huge runed translucent gate.
148936 | Dis:5    | Found a huge runed translucent gate.
148936 | Dis:5    | Found a huge runed translucent gate.
148936 | Dis:5    | Found a huge runed translucent gate.
148937 | Dis:5    | Found a huge runed translucent gate.
148939 | Dis:5    | Found a huge runed translucent gate.
148957 | Dis:5    | Found a huge runed translucent gate.
148958 | Dis:5    | Found a huge runed translucent gate.
148959 | Dis:5    | Found a huge runed translucent gate.
148960 | Dis:5    | Found a huge runed translucent gate.
148961 | Dis:5    | Found a huge runed translucent gate.
148962 | Dis:5    | Found a huge runed translucent gate.
148963 | Dis:5    | Found a huge runed translucent gate.
148964 | Dis:5    | Found a huge runed translucent gate.
148965 | Dis:5    | Found a huge runed translucent gate.
148966 | Dis:5    | Found a huge runed translucent gate.
148966 | Dis:5    | Found a huge runed translucent gate.
148966 | Dis:5    | Found a huge runed translucent gate.
148966 | Dis:5    | Found a huge runed translucent gate.
148966 | Dis:5    | Found a huge runed translucent gate.
148966 | Dis:5    | Found a huge runed translucent gate.
148974 | Dis:5    | Found a huge runed translucent gate.
148975 | Dis:5    | Found a huge runed translucent gate.
148976 | Dis:5    | Found a huge runed translucent gate.
148977 | Dis:5    | Found a huge runed translucent gate.
148977 | Dis:5    | Found a huge runed translucent gate.
148977 | Dis:5    | Found a huge runed translucent gate.
148977 | Dis:5    | Found a huge runed translucent gate.
149086 | Dis:5    | Reached skill level 27 in Spellcasting
149479 | Dis:7    | Entered Level 7 of the Iron City of Dis
149969 | Dis:7    | Noticed a juggernaut
149972 | Dis:7    | Killed a juggernaut
150249 | Dis:7    | Identified the +7 arbalest "Beastslayer" {flame, rPois rF+}
150727 | Dis:7    | Noticed a juggernaut
150735 | Dis:7    | Noticed a dread lich
150737 | Dis:7    | Killed a dread lich
150747 | Dis:7    | Killed a juggernaut
150858 | Dis:7    | Identified the ring "Usidiah" {rElec rF+ Int+4 Stlth+}
151209 | Dis:7    | Noticed a juggernaut
151212 | Dis:7    | Killed a juggernaut
151329 | Dis:7    | Noticed Dispater
151657 | Dis:7    | Got an iron rune of Zot
151671 | Dis:7    | Killed Dispater
151788 | Dis:7    | Identified the amulet of Bifow {Acrobat Rampage rF- Dex+3}
152060 | Zig:1    | Entered Level 1 of a ziggurat
152090 | Zig:2    | Entered Level 2 of a ziggurat
152096 | Zig:2    | Identified the staff of Corof {rElec rF- Will+++ Dex-5 Air}
152116 | Zig:3    | Entered Level 3 of a ziggurat
152119 | Zig:3    | Found the +8 frozen axe "Frostbite" {freeze, freezing
                  | cloud, *Noise Fly rC+}
152147 | Zig:4    | Entered Level 4 of a ziggurat
152149 | Zig:4    | Noticed an ancient lich
152153 | Zig:4    | Killed an ancient lich
152198 | Zig:5    | Entered Level 5 of a ziggurat
152242 | Zig:6    | Entered Level 6 of a ziggurat
152328 | Zig:7    | Entered Level 7 of a ziggurat
152376 | Zig:7    | Identified the amulet "Zetiloecw" {Spirit Dex+4}
152377 | Zig:7    | Identified the +7 sling "Omoag" {heavy, +Blink rElec rPois
                  | Dex-3}
152379 | Zig:7    | Identified the +8 quarterstaff of Vanity {vamp, rN++ Str+2}
152383 | Zig:8    | Entered Level 8 of a ziggurat
152392 | Zig:8    | Identified the amulet of Eleo {Reflect Rampage rPois Str-5
                  | SH+5 Stlth+}
152437 | Zig:8    | Identified the ring "Nakih" {rC+ AC+4}
152490 | Zig:9    | Entered Level 9 of a ziggurat
152500 | Zig:9    | Noticed a juggernaut
152501 | Zig:9    | Noticed a juggernaut
152502 | Zig:9    | Killed a juggernaut
152503 | Zig:9    | Killed a juggernaut
152589 | Zig:10   | Entered Level 10 of a ziggurat
152599 | Zig:10   | Noticed Limmo the pandemonium lord
152604 | Zig:10   | Killed Limmo the pandemonium lord
152668 | Zig:10   | Acquired a manual of Stealth
152673 | Zig:10   | Got Sif Muna's Volume of Gathered Locality
152775 | Zig:11   | Entered Level 11 of a ziggurat
152933 | Zig:11   | Identified the +8 halberd "Dech" {antimagic, ^Contam rElec
                  | Str+4}
152942 | Zig:11   | Identified the amulet of Pihism {Acrobat Str+3 Dex+3
                  | Slay+2}
152976 | Zig:12   | Entered Level 12 of a ziggurat
153073 | Zig:12   | Identified the +4 halberd "Wus Pab" {pain, *Noise Will+
                  | Int+4}
153101 | Zig:13   | Entered Level 13 of a ziggurat
153114 | Zig:13   | Noticed Xyfusoc the pandemonium lord
153114 | Zig:13   | Found the +3 giant club "Skullcrusher" {speed, Str+7}
153115 | Zig:13   | Killed Xyfusoc the pandemonium lord
153116 | Zig:13   | Reached skill level 27 in Fighting
153198 | Zig:14   | Entered Level 14 of a ziggurat
153214 | Zig:14   | Reached skill level 15 in Stealth
153346 | Zig:14   | Identified the ring of Sunichol {Wiz SInv}
153423 | Zig:15   | Entered Level 15 of a ziggurat
153435 | Zig:15   | Found the ring of the Mage {Wiz Archmagi}
153568 | Zig:15   | Identified the +5 orcbow of Doors {heavy, *Corrode +Blink
                  | Will++ Str+2}
153577 | Zig:15   | Identified the +2 sling of Disorder {heavy, *Corrode rF+
                  | Will++ Dex+3}
153593 | Zig:15   | Identified the +1 flail of the Lumpy Dances {protect, rC-
                  | Str+3 Int+2 Stlth+}
153596 | Zig:16   | Entered Level 16 of a ziggurat
153707 | Zig:16   | Identified the +3 hand axe of Doliddeto {elec, rElec Dex-5
                  | Stlth+}
153820 | Zig:17   | Entered Level 17 of a ziggurat
153931 | Zig:17   | Identified the +9 mace "Nugu Urhubb" {flame, Will+ Str+3
                  | Int+2}
153939 | Zig:17   | Identified the ring "Jidof" {Will+ Dex+4}
153944 | Zig:17   | Identified the +9 short sword of Luod {spect, rN+ Str+4
                  | Int+2}
153957 | Zig:17   | Identified the ring "Jausank" {AC+4 Str+2 Int+3}
154015 | Zig:17   | Learned a level 2 spell: Blink
154016 | Zig:18   | Entered Level 18 of a ziggurat
154124 | Zig:18   | Found the ring of the Tortoise {AC+8}
154176 | Zig:18   | Identified the +10 long sword "Hiuhol" {spect, Str+4}
154178 | Zig:18   | Identified the +5 long sword "Plog" {protect, rN++ Dex+3}
154243 | Zig:19   | Entered Level 19 of a ziggurat
154310 | Zig:19   | Identified the +5 morningstar of the Beginning {antimagic,
                  | rF++ Str+4 Dex-4}
154312 | Zig:19   | Identified the staff of the Crushed Stories {rElec rPois
                  | Stlth+ Air}
154320 | Zig:19   | Acquired a manual of Dodging
154350 | Zig:19   | Acquired 798 gold pieces
154351 | Zig:19   | Acquired a manual of Shapeshifting
154352 | Zig:19   | Acquired a manual of Staves
154362 | Zig:19   | Identified the +9 trident of Floods {antimagic, rC+ rN+
                  | Str-3 Int+4}
154418 | Zig:20   | Entered Level 20 of a ziggurat
154437 | Zig:20   | Noticed an ancient lich
154437 | Zig:20   | Noticed an ancient lich
154438 | Zig:20   | Noticed an ancient lich
154438 | Zig:20   | Noticed a dread lich
154439 | Zig:20   | Killed an ancient lich
154439 | Zig:20   | Killed a dread lich
154439 | Zig:20   | Killed an ancient lich
154441 | Zig:20   | Noticed an ancient lich
154441 | Zig:20   | Noticed a dread lich
154441 | Zig:20   | Noticed an ancient lich
154441 | Zig:20   | Noticed an ancient lich
154441 | Zig:20   | Found the macabre finger necklace {Finger+ rN+}
154442 | Zig:20   | Killed an ancient lich
154442 | Zig:20   | Killed an ancient lich
154442 | Zig:20   | Killed an ancient lich
154442 | Zig:20   | Killed a dread lich
154443 | Zig:20   | Killed an ancient lich
154560 | Zig:20   | Identified the +3 broad axe of Doubt {protect, ^Contam
                  | Str+5 SInv}
154633 | Zig:21   | Entered Level 21 of a ziggurat
154644 | Zig:21   | Noticed Fumea the pandemonium lord
154645 | Zig:21   | Noticed Datyicu the pandemonium lord
154651 | Zig:21   | Noticed Daeq the pandemonium lord
154651 | Zig:21   | Noticed Valomec the pandemonium lord
154651 | Zig:21   | Noticed Madoka the pandemonium lord
154651 | Zig:21   | Noticed Pefeur the pandemonium lord
154651 | Zig:21   | Noticed Lufipra the pandemonium lord
154651 | Zig:21   | Noticed Ceik the pandemonium lord
154653 | Zig:21   | Killed Valomec the pandemonium lord
154653 | Zig:21   | Killed Madoka the pandemonium lord
154653 | Zig:21   | Killed Ceik the pandemonium lord
154654 | Zig:21   | Killed Pefeur the pandemonium lord
154654 | Zig:21   | Killed Daeq the pandemonium lord
154654 | Zig:21   | Killed Datyicu the pandemonium lord
154654 | Zig:21   | Noticed Nixuar the pandemonium lord
154654 | Zig:21   | Noticed Faskixux the pandemonium lord
154667 | Zig:21   | Killed Lufipra the pandemonium lord
154682 | Zig:21   | Killed Nixuar the pandemonium lord
154725 | Zig:21   | Killed Fumea the pandemonium lord
154736 | Zig:21   | Killed Faskixux the pandemonium lord
154738 | Zig:21   | Noticed Qomank the pandemonium lord
154742 | Zig:21   | Killed Qomank the pandemonium lord
154774 | Zig:21   | Found the +4 robe of Folly {Brill Will-∞ Int+8}
154903 | Zig:21   | Identified the amulet of Faih {rC- Regen+ Str+2 Int+4
                  | Dex+3}
154910 | Zig:21   | Identified the amulet "Afuo" {Harm rC+ RegenMP+ SInv}
154919 | Zig:21   | Identified the +4 short sword "Xohashreh" {protect, rElec
                  | rN+ Str-5 SInv}
154920 | Zig:21   | Identified the staff of Dissent {rElec rF+ rN+ Str-5 Air}
154982 | Zig:21   | Identified the +12 ice dragon scales "Soklishy" {Harm
                  | +Blink rPois rF- rC++ Int+3}
154986 | Zig:22   | Entered Level 22 of a ziggurat
155109 | Zig:22   | Identified the staff "Wuseaw" {^Contam rPois Int+6 Alchemy}
155121 | Zig:22   | Identified the +3 short sword of Gixtua {holy, Str+5}
155123 | Zig:22   | Identified the staff of Otum {rC+ Int+4 Necro Ice}
155321 | Zig:23   | Entered Level 23 of a ziggurat
155540 | Zig:23   | Identified the +9 long sword "Mowaupt" {heavy, rElec rF+
                  | rCorr}
155542 | Zig:23   | Identified the +7 shortbow "Kikkey" {flame, Int+5}
155550 | Zig:23   | Identified the amulet "Kutof" {Rampage RegenMP+}
155552 | Zig:23   | Identified the ring "Memoutuf" {Fly rPois rN+ Int+3}
155559 | Zig:23   | Identified the +8 great mace of Laaman {flame, rC+}
155649 | Zig:24   | Entered Level 24 of a ziggurat
155665 | Zig:24   | Noticed a royal mummy
155669 | Zig:24   | Noticed a royal mummy
155670 | Zig:24   | Killed a royal mummy
155671 | Zig:24   | Killed a royal mummy
155671 | Zig:24   | Noticed a royal mummy
155672 | Zig:24   | Noticed a royal mummy
155673 | Zig:24   | Killed a royal mummy
155673 | Zig:24   | Noticed a royal mummy
155674 | Zig:24   | Killed a royal mummy
155674 | Zig:24   | Noticed a royal mummy
155675 | Zig:24   | Killed a royal mummy
155677 | Zig:24   | Killed a royal mummy
155677 | Zig:24   | Noticed a royal mummy
155679 | Zig:24   | Noticed a royal mummy
155680 | Zig:24   | Killed a royal mummy
155680 | Zig:24   | Killed a royal mummy
155681 | Zig:24   | Noticed a royal mummy
155681 | Zig:24   | Noticed a royal mummy
155681 | Zig:24   | Noticed a royal mummy
155681 | Zig:24   | Noticed a royal mummy
155682 | Zig:24   | Killed a royal mummy
155684 | Zig:24   | Noticed a royal mummy
155684 | Zig:24   | Noticed a royal mummy
155684 | Zig:24   | Noticed a royal mummy
155685 | Zig:24   | Killed a royal mummy
155685 | Zig:24   | Killed a royal mummy
155685 | Zig:24   | Killed a royal mummy
155685 | Zig:24   | Killed a royal mummy
155685 | Zig:24   | Killed a royal mummy
155686 | Zig:24   | Reached skill level 27 in Evocations
155686 | Zig:24   | Noticed a royal mummy
155686 | Zig:24   | Noticed a royal mummy
155687 | Zig:24   | Noticed a royal mummy
155688 | Zig:24   | Killed a royal mummy
155688 | Zig:24   | Killed a royal mummy
155688 | Zig:24   | Killed a royal mummy
155689 | Zig:24   | Noticed a royal mummy
155690 | Zig:24   | Killed a royal mummy
155690 | Zig:24   | Killed a royal mummy
155787 | Zig:24   | Found the +8 pair of quick blades "Gyre" and "Gimble"
                  | {protect}
155787 | Zig:24   | Found the ring of the Hare {EV+10}
155843 | Zig:24   | Identified the +8 mace of Ralla {flame, rN+ Str+2 Stlth+}
155922 | Zig:25   | Entered Level 25 of a ziggurat
155948 | Zig:25   | Found the Hermit's Pendant {Faith Invo=14 Evo=0 MP+5}
156006 | Zig:25   | Identified the ring of Ascent {rC++ SInv}
156007 | Zig:25   | Identified the serpent talisman of Sloth {rC+ Stlth+}
156011 | Zig:25   | Identified the staff of Exoneration {rC+ Necro Ice Alchemy}
156012 | Zig:25   | Identified the +6 mace "Tava Bo Zee" {elec, rF++ rC+
                  | Stlth+}
156062 | Zig:25   | Identified the ring of Amelioration {rCorr Dex+4 Stlth+}
156064 | Zig:25   | Identified the ring of Jeep Zos {+Blink Str+5 Int+6}
156248 | Zig:26   | Entered Level 26 of a ziggurat
156272 | Zig:26   | Noticed a juggernaut
156272 | Zig:26   | Noticed a juggernaut
156275 | Zig:26   | Noticed a juggernaut
156277 | Zig:26   | Killed a juggernaut
156277 | Zig:26   | Killed a juggernaut
156277 | Zig:26   | Killed a juggernaut
156279 | Zig:26   | Noticed a juggernaut
156280 | Zig:26   | Found the +13 sword of the Doom Knight {doom -Cast ^Drain
                  | Will+}
156283 | Zig:26   | Killed a juggernaut
156322 | Zig:26   | Identified the +7 spear of the Saviour {vamp, rPois rCorr}
156391 | Zig:26   | Identified the +7 trident of Recklessness {flame, rF+}
156417 | Zig:26   | Identified the +9 orcbow of Pride {heavy, rElec rCorr
                  | Int+2}
156532 | Zig:27   | Entered Level 27 of a ziggurat
156547 | Zig:27   | Noticed a royal mummy
156547 | Zig:27   | Noticed a royal mummy
156548 | Zig:27   | Noticed a royal mummy
156548 | Zig:27   | Noticed a royal mummy
156549 | Zig:27   | Noticed a royal mummy
156549 | Zig:27   | Noticed a royal mummy
156550 | Zig:27   | Killed a royal mummy
156550 | Zig:27   | Noticed a royal mummy
156551 | Zig:27   | Killed a royal mummy
156551 | Zig:27   | Killed a royal mummy
156551 | Zig:27   | Noticed a royal mummy
156552 | Zig:27   | Killed a royal mummy
156553 | Zig:27   | Killed a royal mummy
156554 | Zig:27   | Noticed a royal mummy
156554 | Zig:27   | Noticed a royal mummy
156554 | Zig:27   | Noticed a royal mummy
156554 | Zig:27   | Noticed a royal mummy
156555 | Zig:27   | Killed a royal mummy
156555 | Zig:27   | Killed a royal mummy
156556 | Zig:27   | Killed a royal mummy
156556 | Zig:27   | Killed a royal mummy
156556 | Zig:27   | Noticed a royal mummy
156556 | Zig:27   | Noticed a royal mummy
156557 | Zig:27   | Noticed a royal mummy
156557 | Zig:27   | Killed a royal mummy
156558 | Zig:27   | Killed a royal mummy
156558 | Zig:27   | Killed a royal mummy
156558 | Zig:27   | Killed a royal mummy
156558 | Zig:27   | Killed a royal mummy
156558 | Zig:27   | Noticed a royal mummy
156559 | Zig:27   | Killed a royal mummy
156559 | Zig:27   | Noticed a royal mummy
156561 | Zig:27   | Killed a royal mummy
156561 | Zig:27   | Killed a royal mummy
156565 | Zig:27   | Killed a royal mummy
156566 | Zig:27   | Noticed a royal mummy
156568 | Zig:27   | Killed a royal mummy
156825 | Zig:27   | Identified the +8 great sword "Cezotozo" {protect, Str+2}
156842 | Zig:27   | Identified the ring "Ohuugeho" {AC+4 Str+3}
156917 | Zig:27   | Identified the +2 scale mail of Disaster {^Drain rElec
                  | Will+++ SInv}
157083 | Depths:1 | Lost mutation: Your spells are a little harder to cast, but
                  | a little more powerful. [potion of mutation]
157083 | Depths:1 | Gained mutation: Your muscles are strong. (Str +4, Int/Dex
                  | -1) [potion of mutation]
157089 | Depths:1 | Lost mutation: Your muscles are strong. (Str +4, Int/Dex
                  | -1) [potion of mutation]
157089 | Depths:1 | Gained mutation: You are strong-willed. (Will+) [potion of
                  | mutation]
157089 | Depths:1 | Gained mutation: You are highly strong-willed. (Will++)
                  | [potion of mutation]
157089 | Depths:1 | Gained mutation: Your tail ends in a venomous barb. [potion
                  | of mutation]
157089 | Depths:1 | Gained mutation: You are resistant to electric shocks.
                  | (rElec) [potion of mutation]
157090 | Depths:1 | Lost mutation: You are highly strong-willed. (Will++)
                  | [potion of mutation]
157090 | Depths:1 | Lost mutation: You are strong-willed. (Will+) [potion of
                  | mutation]
157090 | Depths:1 | Gained mutation: You have supernaturally acute eyesight.
                  | (SInv) [potion of mutation]
157090 | Depths:1 | Gained mutation: You are dopey. (Int -2) [potion of
                  | mutation]
157091 | Depths:1 | Lost mutation: Your tail ends in a venomous barb. [potion
                  | of mutation]
157091 | Depths:1 | Lost mutation: You are dopey. (Int -2) [potion of mutation]
157091 | Depths:1 | Gained mutation: You have a pair of small antennae on your
                  | head. [potion of mutation]
157091 | Depths:1 | Gained mutation: Your large and strong wings let you fly.
                  | [potion of mutation]
157092 | Depths:1 | Lost mutation: You are resistant to electric shocks.
                  | (rElec) [potion of mutation]
157092 | Depths:1 | Lost mutation: Your large and strong wings let you fly.
                  | [potion of mutation]
157092 | Depths:1 | Lost mutation: You have a pair of small antennae on your
                  | head. [potion of mutation]
157092 | Depths:1 | Gained mutation: Your flesh is cold resistant. (rC+)
                  | [potion of mutation]
157092 | Depths:1 | Gained mutation: Your spells are a little harder to cast,
                  | but a little more powerful. [potion of mutation]
157093 | Depths:1 | Lost mutation: Your spells are a little harder to cast, but
                  | a little more powerful. [potion of mutation]
157093 | Depths:1 | Lost mutation: Your flesh is cold resistant. (rC+) [potion
                  | of mutation]
157093 | Depths:1 | Lost mutation: You have supernaturally acute eyesight.
                  | (SInv) [potion of mutation]
157093 | Depths:1 | Gained mutation: Your tail ends in a venomous barb. [potion
                  | of mutation]
157093 | Depths:1 | Gained mutation: Your large and strong wings let you fly.
                  | [potion of mutation]
157094 | Depths:1 | Lost mutation: Your tail ends in a venomous barb. [potion
                  | of mutation]
157094 | Depths:1 | Lost mutation: Your large and strong wings let you fly.
                  | [potion of mutation]
157094 | Depths:1 | Gained mutation: You are frail. (-10% HP) [potion of
                  | mutation]
157094 | Depths:1 | Gained mutation: You possess an exceptional clarity of
                  | mind. [potion of mutation]
157095 | Depths:1 | Lost mutation: You possess an exceptional clarity of mind.
                  | [potion of mutation]
157095 | Depths:1 | Lost mutation: You are frail. (-10% HP) [potion of
                  | mutation]
157095 | Depths:1 | Gained mutation: Your tail ends in a venomous barb. [potion
                  | of mutation]
157096 | Depths:1 | Lost mutation: Your tail ends in a venomous barb. [potion
                  | of mutation]
157096 | Depths:1 | Gained mutation: You occasionally lose the ability to drink
                  | potions when taking damage. [potion of mutation]
157096 | Depths:1 | Gained mutation: You occasionally lose the ability to read
                  | scrolls when taking damage. [potion of mutation]
157097 | Depths:1 | Lost mutation: You occasionally lose the ability to read
                  | scrolls when taking damage. [potion of mutation]
157097 | Depths:1 | Lost mutation: You occasionally lose the ability to drink
                  | potions when taking damage. [potion of mutation]
157097 | Depths:1 | Gained mutation: Your muscles are strong. (Str +4, Int/Dex
                  | -1) [potion of mutation]
157098 | Depths:1 | Lost mutation: Your muscles are strong. (Str +4, Int/Dex
                  | -1) [potion of mutation]
157098 | Depths:1 | Gained mutation: Your health recovers twice as slowly from
                  | being drained. [potion of mutation]
157098 | Depths:1 | Gained mutation: You are weak. (Str -2) [potion of
                  | mutation]
157099 | Depths:1 | Lost mutation: You are weak. (Str -2) [potion of mutation]
157099 | Depths:1 | Lost mutation: Your health recovers twice as slowly from
                  | being drained. [potion of mutation]
157099 | Depths:1 | Gained mutation: Your body sometimes deteriorates upon
                  | taking damage. [potion of mutation]
157099 | Depths:1 | Gained mutation: You do not regenerate when monsters are
                  | visible. [potion of mutation]
157099 | Depths:1 | Gained mutation: You passively dampen the noise of your
                  | surroundings. [potion of mutation]
157100 | Depths:1 | Lost mutation: You passively dampen the noise of your
                  | surroundings. [potion of mutation]
157100 | Depths:1 | Lost mutation: Your body sometimes deteriorates upon taking
                  | damage. [potion of mutation]
157100 | Depths:1 | Gained mutation: You are frail. (-10% HP) [potion of
                  | mutation]
157101 | Depths:1 | Lost mutation: You are frail. (-10% HP) [potion of
                  | mutation]
157101 | Depths:1 | Lost mutation: You do not regenerate when monsters are
                  | visible. [potion of mutation]
157101 | Depths:1 | Gained mutation: Your system is resistant to poisons.
                  | (rPois) [potion of mutation]
157102 | Depths:1 | Lost mutation: Your system is resistant to poisons. (rPois)
                  | [potion of mutation]
157102 | Depths:1 | Gained mutation: You are somewhat resistant to further
                  | mutation. [potion of mutation]
157102 | Depths:1 | Gained mutation: You are clumsy. (Dex -2) [potion of
                  | mutation]
157103 | Depths:1 | Lost mutation: You are somewhat resistant to further
                  | mutation. [potion of mutation]
157103 | Depths:1 | Lost mutation: You are clumsy. (Dex -2) [potion of
                  | mutation]
157103 | Depths:1 | Gained mutation: You have a pair of small antennae on your
                  | head. [potion of mutation]
157103 | Depths:1 | Gained mutation: You possess an exceptional clarity of
                  | mind. [potion of mutation]
157104 | Depths:1 | Lost mutation: You have a pair of small antennae on your
                  | head. [potion of mutation]
157104 | Depths:1 | Lost mutation: You possess an exceptional clarity of mind.
                  | [potion of mutation]
157104 | Depths:1 | Gained mutation: You sometimes lose your temper in combat.
                  | [potion of mutation]
157105 | Depths:1 | Lost mutation: You sometimes lose your temper in combat.
                  | [potion of mutation]
157105 | Depths:1 | Gained mutation: Your muscles are strong. (Str +4, Int/Dex
                  | -1) [potion of mutation]
157105 | Depths:1 | Gained mutation: Your magical capacity is low. (-10% MP)
                  | [potion of mutation]
157106 | Depths:1 | Lost mutation: Your muscles are strong. (Str +4, Int/Dex
                  | -1) [potion of mutation]
157106 | Depths:1 | Lost mutation: Your magical capacity is low. (-10% MP)
                  | [potion of mutation]
157106 | Depths:1 | Gained mutation: You are frail. (-10% HP) [potion of
                  | mutation]
157106 | Depths:1 | Gained mutation: You have a pair of small antennae on your
                  | head. [potion of mutation]
157107 | Depths:1 | Lost mutation: You have a pair of small antennae on your
                  | head. [potion of mutation]
157107 | Depths:1 | Lost mutation: You are frail. (-10% HP) [potion of
                  | mutation]
157107 | Depths:1 | Gained mutation: Your muscles are strong. (Str +4, Int/Dex
                  | -1) [potion of mutation]
157107 | Depths:1 | Gained mutation: Your tail ends in a venomous barb. [potion
                  | of mutation]
157108 | Depths:1 | Lost mutation: Your muscles are strong. (Str +4, Int/Dex
                  | -1) [potion of mutation]
157108 | Depths:1 | Lost mutation: Your tail ends in a venomous barb. [potion
                  | of mutation]
157108 | Depths:1 | Gained mutation: Your tail ends in a venomous barb. [potion
                  | of mutation]
157108 | Depths:1 | Gained mutation: Potions are less effective at restoring
                  | your health. [potion of mutation]
157108 | Depths:1 | Gained mutation: Your flesh is heat resistant. (rF+)
                  | [potion of mutation]
157108 | Depths:1 | Gained mutation: Your flesh is cold resistant. (rC+)
                  | [potion of mutation]
157120 | Depths:1 | Lost mutation: Your flesh is heat resistant. (rF+) [potion
                  | of mutation]
157120 | Depths:1 | Lost mutation: Potions are less effective at restoring your
                  | health. [potion of mutation]
157120 | Depths:1 | Lost mutation: Your tail ends in a venomous barb. [potion
                  | of mutation]
157120 | Depths:1 | Gained mutation: Your flesh is very cold resistant. (rC++)
                  | [potion of mutation]
157121 | Depths:1 | Lost mutation: Your flesh is very cold resistant. (rC++)
                  | [potion of mutation]
157121 | Depths:1 | Lost mutation: Your flesh is cold resistant. (rC+) [potion
                  | of mutation]
157121 | Depths:1 | Gained mutation: Your spells are a little harder to cast,
                  | but a little more powerful. [potion of mutation]
157121 | Depths:1 | Gained mutation: Your muscles are strong. (Str +4, Int/Dex
                  | -1) [potion of mutation]
157121 | Depths:1 | Gained mutation: Your tail ends in a venomous barb. [potion
                  | of mutation]
157122 | Depths:1 | Lost mutation: Your tail ends in a venomous barb. [potion
                  | of mutation]
157122 | Depths:1 | Lost mutation: Your spells are a little harder to cast, but
                  | a little more powerful. [potion of mutation]
157122 | Depths:1 | Lost mutation: Your muscles are strong. (Str +4, Int/Dex
                  | -1) [potion of mutation]
157122 | Depths:1 | Gained mutation: Your tail ends in a venomous barb. [potion
                  | of mutation]
157122 | Depths:1 | Gained mutation: You are robust. (+10% HP) [potion of
                  | mutation]
157122 | Depths:1 | Gained mutation: You passively map a small area around you.
                  | [potion of mutation]
157730 | Zot:5    | Noticed an ancient lich
157732 | Zot:5    | Killed an ancient lich
157765 | Zot:5    | Reached skill level 27 in Stealth
157780 | Zot:5    | Noticed a dread lich
157786 | Zot:5    | Killed a dread lich
157933 | Zot:5    | Noticed a dread lich
157935 | Zot:5    | Killed a dread lich
157974 | Zot:5    | Noticed an orb of fire
157976 | Zot:5    | Noticed a dread lich
157979 | Zot:5    | Killed a dread lich
157981 | Zot:5    | Killed an orb of fire
158087 | Zot:5    | Noticed an orb of fire
158099 | Zot:5    | Noticed an orb of fire
158113 | Zot:5    | Killed an orb of fire
158192 | Zot:5    | Killed an orb of fire
158195 | Zot:5    | Noticed an ancient lich
158197 | Zot:5    | Killed an ancient lich
158260 | Zot:5    | Noticed an ancient lich
158262 | Zot:5    | Killed an ancient lich
158402 | Zot:5    | Noticed an ancient lich
158404 | Zot:5    | Killed an ancient lich
158578 | Zot:5    | Got the Orb of Zot
159149 | D:$      | Escaped with the Orb!

Illustrated notes

Levels and vault maps discovered:
D:1:      dpeg_arrival_arbitrary_b, layout_basic, amethyst_killhole
D:2:      layout_rooms, basic_altar, minmay_misc_feat_x, minmay_misc_feat_five
D:3:      layout_basic, serial_curves, eino_curves_01, eino_curves_04,
          serial_shops, nicolae_shop_stone, shop, uniq_jessica,
          uniq_crazy_yiuf_cottage
D:4:      layout_basic, minmay_temple_entry_poolview
D:5:      layout_gridville, chequers_avenue, minmay_ogre_servants
D:6:      layout_loops_cross, fedhas_altar_2, minmay_joined_circles,
          uniq_edmund, uniq_sigmund
D:7:      layout_rooms, lemuel_zombie_altar_yredelemnul,
          gammafunk_ghost_berserking_beasts, uniq_menkaure
D:8:      wad_arrow_thing, layout_basic
D:9:      layout_roguey, brannock_xom_greatest_gift, erik_lair_island,
          uniq_joseph
D:10:     layout_basic, lemuel_round_altar, nicolae_straight_to_the_point,
          uniq_maggie, uniq_erolcha
D:11:     layout_rooms, enter_trove_3, hangedman_decor_points, uniq_lodul,
          uniq_amaemon
D:12:     minmay_shoctagon, layout_cave_pools, serial_park, serial_park_tiny_1,
          serial_park_avenue1, serial_park_tiny_1, serial_park_gazebo
          [serial_park_minivault_5x5_7], uniq_nergalle
D:13:     layout_cave_pods, hangedman_weighted_door
D:14:     layout_long_grid, david_vaults_3, grunt_dithmenos_smoke, uniq_azrael
D:15:     gammafunk_enter_depths_forms, layout_loops_ring, serial_aquarium,
          aquarium_bridge_square [aquarium_subvault_wall,
          aquarium_subvault_bridge, aquarium_subvault_balcony,
          aquarium_subvault_window], aquarium_bridge_straight
          [aquarium_subvault_bridge, aquarium_subvault_balcony,
          aquarium_subvault_bridge, aquarium_subvault_balcony],
          aquarium_window_corridor_2, aquarium_window_fake, aquarium_view_2g,
          aquarium_balcony_3a, nicolae_qazlal_style_of_elements,
          minmay_misc_feat_tiny
Temple:   nicolae_temple_bog_church
Lair:1:   layout_roguey, grunt_megastairs_5, lemuel_fruit_tree
Lair:2:   layout_small_grid, nicolae_shoals_entry_flooding,
          gauntlet_entry_generic, grunt_forest_large_clearings,
          infiniplex_staircase_pool
Lair:3:   layout_loops_ring, hellmonk_spider_entry_not_the_bees,
          portal_ice_cave_entry_animals_and_master, cheibrodos_lair_reptile_den,
          grunt_megastairs_3, uniq_josephine
Lair:4:   layout_cellular_growth, minmay_slime_entry_jelly_boxes
Lair:5:   hangedman_lair_caniforms_friends, layout_loops_ring,
          hangedman_lair_tendril_chambers
Shoals:1: cheibrodos_shoals_epimethial_gifts, layout_shoals,
          nicolae_shoals_flooded_hall
Shoals:2: layout_shoals, serial_shops, nicolae_square_shop,
          nicolae_shoals_lost_giant_amphitheater, centaur_isle, uniq_ilsuiw
Shoals:3: layout_shoals, ebering_ghost_rock_garden,
          nicolae_shoals_cliffside_cave, uniq_mara
Shoals:4: shoals_end_simple, layout_shoals, serial_shops, shop_statue,
          nicolae_lakefront_shop, shop
Spider:1: layout_spider_delve, drop_trap
Spider:2: lemuel_spider_zombies, drop_trap
Spider:3: layout_spider_delve, uniq_arachne
Spider:4: floodkiller_spider_rune_tomb, uniq_donald, uniq_mlioglotl
Slime:1:  layout_caves
Slime:2:  layout_caves
Slime:3:  layout_caves
Slime:4:  layout_caves
Slime:5:  slime_pit_nicolae_inversion
Orc:1:    layout_caves, basic_altar, uniq_urug
Orc:2:    st_orc_open, layout_caves, lemuel_statue_altar, uniq_snorg,
          uniq_jorgrun
Elf:1:    layout_rooms, minmay_elf_demonology, grunt_megastairs_2
Elf:2:    elven_hall_of_blades_hangedman_alternative
          [nicolae_blade_entry_crossed_weapons], layout_geoelf_octagon,
          serial_shops, shop, special_room [special_room_orc]
Elf:3:    minmay_elf_hall_dome, layout_loops_cross, serial_shops, shop_statue,
          grunt_ministairs_9, uniq_nikola
Vaults:1: nicolae_vaults_ellipses_ellipsis, nicolae_vaults_surprise_closet,
          vaults_mumra_minichess_inversion, v_misc_24, grunt_vaults_trifunnel,
          ontoclasm_vaults_ring_large, ontoclasm_vaults_pinch,
          nicolae_vaults_security_offices_5, vaults_room_grunt_arrival_ludios,
          nicolae_vaults_spaceships, v_misc_14, layout_vaults_maze_snakey,
          uniq_asterion
Vaults:2: nicolae_vaults_network_quincunx
          [nicolae_vaults_network_quincunx_subvault,
          nicolae_vaults_network_quincunx_subvault,
          nicolae_vaults_network_quincunx_subvault,
          nicolae_vaults_network_quincunx_subvault,
          nicolae_vaults_network_quincunx_subvault], nicolae_vaults_diamond_1,
          vaults_room_hallway, nicolae_vaults_angled_halls,
          nicolae_vaults_storage_closets_3, v_misc_26, nicolae_vaults_triangles,
          nicolae_vaults_ninety_degrees, nicolae_vaults_trapezoid_layered,
          nicolae_vaults_big_ls, layout_vaults_omnigrid, uniq_bai_suzhen
Vaults:3: hangedman_vaults_hat, hangedman_vaults_variations, v_misc_26,
          nicolae_vaults_offset_grid_hallway_1, vaults_room_hallway,
          nicolae_vaults_trapezoid_4, nicolae_vaults_circle_grid_a,
          nicolae_vaults_murderbox, nicolae_vaults_circle_grid_a,
          nicolae_vaults_bisected_slash, minmay_crypt_entry_simple_round,
          v_misc_27, layout_vaults_ring
Vaults:4: v_rooms_4, v_misc_2, v_rooms_6, ontoclasm_vaults_shuriken, v_rooms_6,
          nicolae_vaults_trapezoid_lopsided_1, nicolae_vaults_little_squares_5,
          nicolae_vaults_trapezoid_layered, nicolae_vaults_stepped_doors,
          hangedman_vaults_corner_blocks, vaults_dpeg_encased_lava,
          nicolae_vaults_house_1, nicolae_vaults_door_testing_chamber,
          layout_vaults_big_cross, serial_shops, shop, nicolae_shop_trees,
          uniq_margery, uniq_frederick
Vaults:5
Crypt:1:  lemuel_minitomb, layout_gridlike
Crypt:2:  layout_chaotic_city, mu_enter_wizlab_6
Crypt:3:  cryptofortress_bobbens, uniq_boris, uniq_vv
Tomb:1
Tomb:2
Tomb:3
Depths:1: layout_gridville, grunt_pan_entry_sceptre, minmay_misc_feat_rugged,
          hell_entry, dancing_weapons_uskayaw, minmay_shop_star
Depths:2: four-leaf_vault, layout_twisted_cross, lemuel_doored_altar,
          lightli_too_deep, rand_demon_pan_entry_1
Depths:3: kennysheep_ambush_hall, layout_gridlike, enter_ziggurat_c,
          kiku_gazebo_pond_becter, grunt_hell_entry_dis_mu, abyss_entry,
          minmay_crystal_box
Depths:4: evilmike_zot_entry_gauntlet, layout_cave_pools, hellmouth_1,
          ebering_ghost_rock_garden, trog_three_pillars_becter, serial_shops,
          bzr_entry_lakeside, nicolae_concentric_dashed_squares_mild,
          eino_small_chamber_without_monster
Hell
Dis:1:    layout_regular_city
Dis:2:    layout_gridville, nicolae_dis_emergency_hatch
Dis:3:    nicolae_hells_demon_pit, layout_gridville,
          nicolae_dis_big_boring_drill
Dis:4:    layout_gridville, nicolae_hells_seeping_fissure
Dis:5:    layout_overlapping_boxes, not_door_vault_due
Dis:6:    lightli_tower_of_babel
Dis:7:    dis_hangedman
Geh:1:    nicolae_geh_tyrants_menagerie, layout_gehenna_pools_basic
Geh:2:    layout_gehenna_pools_box
Geh:3:    layout_gehenna_lava_caves
Geh:4:    layout_gehenna_pools_basic
Geh:5:    layout_gehenna_lava_caves
Geh:6:    layout_gehenna_pools_basic, nicolae_hells_leichenhalle
Geh:7:    geh_mu
Coc:1:    layout_cocytus_water_paths
Coc:2:    layout_ice_bergs, tekkud_coc_lazy_river
Coc:3:    layout_cocytus_water_paths
Coc:4:    layout_ice_bergs
Coc:5:    layout_cocytus_water_paths
Coc:6:    layout_cocytus_water_paths
Coc:7:    coc_grunt_cove [coc_grunt_cove_antaeus, coc_grunt_cove_fiend,
          coc_grunt_cove_fiend, coc_grunt_cove_fiend, coc_grunt_cove_fiend]
Tar:1:    layout_honeycomb
Tar:2:    layout_honeycomb
Tar:3:    layout_grid_maze, nicolae_tar_spectre_spectrum
Tar:4:    layout_grid_maze
Tar:5:    layout_grid_maze
Tar:6:    layout_honeycomb, nicolae_hells_fiendish_ambush
Tar:7:    tar_mu [tar_mu_maze]
Zot:1:    hellmonk_paralyzer, layout_onion_interference,
          gammafunk_ghost_wrathful_warriors
Zot:2:    chapayev_index_zotdef_columnade, layout_cathedral_of_symmetry
Zot:3:    layout_basic, regret_index_zotdec_tunneler, uniq_josephina,
          uniq_tiamat
Zot:4:    circus_mu, layout_basic
Zot:5:    layout_concentric_octagons

Skill      XL: |  1  2  3  4  5  6  7  8  9 10 11 12 13 14 15 16 17 18 19 20 21 22 23 24 25 26 27 |
---------------+----------------------------------------------------------------------------------+-----
Stealth        | 2 27 | 27.0
Fighting       | 1 2 3 4 5 7 8 10 11 12 13 14 15 16 17 18 19 20 22 23 27 | 27.0
Fire Magic     | 1 2 3 4 5 8 9 10 12 13 15 16 17 18 19 25 | 25.2
Spellcasting   | 3 4 5 6 7 9 10 11 12 14 15 16 17 18 19 20 21 22 27 | 27.0
Alchemy        | 4 6 7 |  7.0
Conjurations   | 4 5 7 8 11 13 14 15 16 17 18 19 23 | 23.0
Earth Magic    | 3 6 8 9 11 12 13 15 17 18 19 24 | 24.0
Dodging        | 3 6 8 10 23 | 23.9
Throwing       | 5 7 8 25 | 25.0
Air Magic      | 4 8 10 11 23 | 23.0
Shapeshifting  | 4 7 9 13 23 | 23.0
Ice Magic      | 3 10 13 16 23 | 23.0
Evocations     | 27 | 27.0
Translocations | 23 | 23.0
Staves         | 12 | 12.0

Action                     |  1- 3 |  4- 6 |  7- 9 | 10-12 | 13-15 | 16-18 | 19-21 | 22-24 | 25-27 || total
---------------------------+-------+-------+-------+-------+-------+-------+-------+-------+-------++-------
  Melee: Unarmed           |     5 |       |       |       |       |       |       |       |       ||     5
         Dagger            |    34 |     7 |    13 |    30 |       |       |       |       |       ||    84
         Tailslap          |     3 |     2 |     4 |     3 |     9 |     3 |     8 |     3 |    59 ||    94
         Staff             |       |       |       |       |    26 |     4 |    21 |    19 |   248 ||   318
         Flail             |       |       |       |       |       |       |     4 |       |       ||     4
  Throw: Javelin           |       |       |       |       |       |       |       |       |     7 ||     7
         Dart              |       |       |       |       |       |       |       |       |     1 ||     1
         Throwing net      |       |       |       |       |       |       |       |       |     1 ||     1
   Cast: Sting             |    77 |   118 |   102 |     2 |       |       |       |       |       ||   299
         Olgreb's Toxic Ra |       |       |    29 |   106 |    95 |     1 |       |       |       ||   231
         Sticky Flame      |       |       |    31 |   113 |     1 |     1 |       |       |       ||   146
         Stone Arrow       |       |       |       |   106 |   518 |   227 |       |     1 |       ||   852
         Irradiate         |       |       |       |     5 |     5 |       |     3 |     3 |     2 ||    18
         Arcjolt           |       |       |       |       |    16 |     3 |     6 |       |       ||    25
         Ignition          |       |       |       |       |    38 |   156 |   119 |   130 |   231 ||   674
         Bombard           |       |       |       |       |    11 |    65 |     2 |       |       ||    78
         Fireball          |       |       |       |       |       |   222 |   145 |     3 |       ||   370
         Lehudib's Crystal |       |       |       |       |       |    61 |   232 |   183 |   704 ||  1180
         Shatter           |       |       |       |       |       |       |   127 |   190 |   445 ||   762
         Fire Storm        |       |       |       |       |       |       |       |    83 |   473 ||   556
         Polar Vortex      |       |       |       |       |       |       |       |       |    55 ||    55
         Chain Lightning   |       |       |       |       |       |       |       |       |  1751 ||  1751
         Apportation       |       |       |       |       |       |       |       |       |    63 ||    63
         Maxwell's Capacit |       |       |       |       |       |       |       |       |    12 ||    12
         Passage of Golubr |       |       |       |       |       |       |       |       |     3 ||     3
         Disjunction       |       |       |       |       |       |       |       |       |     1 ||     1
 Invoke: Potion Petition   |       |       |       |       |       |       |       |       |    35 ||    35
         Call Merchant     |       |       |       |       |       |       |       |       |    12 ||    12
Ability: Nullifying Breath |       |       |     2 |     1 |     4 |     8 |     2 |       |       ||    17
         Begin Untransform |       |       |       |       |       |       |       |       |     9 ||     9
  Evoke: Wand              |       |       |    11 |     1 |     7 |    19 |     4 |       |    53 ||    95
         Phial of floods   |       |       |       |       |       |     3 |     3 |       |     1 ||     7
         Phantom mirror    |       |       |       |       |       |     2 |       |       |       ||     2
         Box of beasts     |       |       |       |       |       |       |     2 |       |       ||     2
         Lightning rod     |       |       |       |       |       |       |     1 |       |     7 ||     8
         Tin of tremorston |       |       |       |       |       |       |       |       |     9 ||     9
         Figurine of a zig |       |       |       |       |       |       |       |       |     2 ||     2
    Use: Scroll            |       |     5 |     6 |     6 |    17 |     8 |     8 |     3 |    63 ||   116
         Potion            |       |       |       |     1 |     1 |     5 |     3 |     3 |    72 ||    85
   Stab: Distracted        |       |       |       |       |       |       |     1 |       |     2 ||     3
         Invisible         |       |       |       |       |       |       |       |       |     1 ||     1
 Armour: Skin              |    46 |    35 |    80 |   215 |   409 |   265 |   198 |   228 |  1703 ||  3179
  Dodge: Dodged            |    45 |    23 |    53 |   104 |   250 |   145 |   161 |   247 |   867 ||  1895
   Form: Death             |       |       |       |       |       |       |       |       |    12 ||    12
                           |       |       |       |       |       |       |       |       |     3 ||     3
         Statue            |       |       |       |       |       |       |       |       |     3 ||     3

Table legend: (Time is in decaauts)
 A = Elapsed time spent in this place.
 B = Non-inter-level travel time spent in this place.
 C = Inter-level travel time spent in this place.
 D = Time resting spent in this place.
 E = Time spent auto-exploring this place.
 F = Levels seen in this place.
 G = Mean time per level.
                   A        B        C        D        E       F      G
               +--------+--------+--------+--------+--------+-----+--------+
         Total | 163817 | 150712 |  13105 |  38628 |  83961 | 167 |  980.9 |
       Dungeon |  23146 |  18830 |   4316 |   3069 |  13192 |  15 | 1543.1 |
        Temple |     48 |     10 |     38 |      0 |      0 |   1 |   48.0 |
          Lair |  10165 |   9192 |    973 |   1804 |   6248 |   5 | 2033.0 |
        Shoals |   7362 |   6835 |    527 |   2368 |   3607 |   4 | 1840.5 |
   Spider Nest |   7448 |   7259 |    189 |   3705 |   2943 |   4 | 1862.0 |
    Slime Pits |   3697 |   3457 |    240 |   1248 |   1808 |   5 |  739.4 |
  Orcish Mines |   3001 |   2637 |    364 |   1369 |   1077 |   2 | 1500.5 |
   Elven Halls |   6007 |   5821 |    186 |   2663 |   2337 |   3 | 2002.3 |
        Vaults |  15624 |  14111 |   1513 |   5118 |   7261 |   5 | 3124.8 |
         Crypt |   9173 |   8802 |    371 |   4747 |   3021 |   3 | 3057.7 |
          Tomb |   3736 |   3401 |    335 |    357 |   2316 |   3 | 1245.3 |
        Depths |   6905 |   5069 |   1836 |   1090 |   3109 |   4 | 1726.2 |
          Hell |   1663 |   1512 |    151 |    704 |    501 |   1 | 1663.0 |
           Dis |   4065 |   3817 |    248 |   1174 |   1637 |   7 |  580.7 |
       Gehenna |   3345 |   3172 |    173 |    505 |   2074 |   7 |  477.9 |
       Cocytus |   2616 |   2424 |    192 |    655 |   1230 |   7 |  373.7 |
      Tartarus |   5187 |   4523 |    664 |   1024 |   2145 |   7 |  741.0 |
           Zot |   6523 |   5743 |    780 |   1324 |   3040 |   5 | 1304.6 |
         Abyss |    799 |    799 |      0 |    237 |      2 |   3 |  266.3 |
   Pandemonium |  34658 |  34658 |      0 |   3781 |  22494 |  29 | 1195.1 |
      Ziggurat |   6691 |   6691 |      0 |    867 |   3421 |  43 |  155.6 |
        Bazaar |     92 |     92 |      0 |      0 |     59 |   1 |   92.0 |
         Trove |    134 |    134 |      0 |      0 |     67 |   1 |  134.0 |
        Wizlab |   1167 |   1167 |      0 |    592 |    159 |   1 | 1167.0 |
      Gauntlet |    554 |    554 |      0 |    224 |    210 |   1 |  554.0 |
               +--------+--------+--------+--------+--------+-----+--------+

Top non-repeatable levels by time:
 Crypt:1: 4947 daAuts
Vaults:2: 4105 daAuts
Vaults:4: 3738 daAuts
   Tar:7: 3564 daAuts
Vaults:3: 3518 daAuts
Vaults:1: 3170 daAuts
Spider:2: 2997 daAuts
  Lair:5: 2802 daAuts
   Dis:7: 2537 daAuts
   Elf:3: 2476 daAuts
   Orc:2: 2255 daAuts
    D:15: 2225 daAuts
  Lair:3: 2171 daAuts
   Elf:2: 2125 daAuts
Depths:1: 2124 daAuts
